Workbook

Sheet IBCShowResultsLogSubmission
A1: Area 1 International Show Results 2022
A2: Show Host: Salvador Alemany | B2: Chapter: Asociación Mesoamericana y del Caribe del pez betta AMCB | D2: Show Chair: Salvador Alemany
A3: Show Type: IBC International, Area 1 | B3: Date: abril 9y 10 2022
A4: Judges | B4: Head Judge: Aurelia Ogles
B5: Judges: Salvador Alemany y Aurelia Ogles
B6: Apprentices: Dagmar Vélez, Guiomar Rodriguez, Noel Padilla .
B7: Trainee-Apprentices:Seminario 3; Ismael Rodriguez, Jeriel Rodriguez, Iván Roldán, María Torres
A8: Group A: Self Bred | E8: Total Entries
A9: Variety A: Longfin HM Single tail | B9: Name 1st Place | C9: Name 2nd Place | D9: Name 3rd Place
A10: A1. Red STM | B10: Obed Gutierrez | C10: Obed Gutierrez | E10: 2
A11: A2. Black STM & Black Lace STM
A12: A3. Light Solid STM yellow, cellophane, white, pastel, orange | B12: Obed Gutierrez | E12: 1
A13: A4. Royal Blue STM | B13: Siegbert Illig | E13: 1
A14: A5. Steel Blue STM
A15: A6. Green/Turquoise STM | B15: Siegbert Illig | C15: Siegbert Illig | D15: Siegbert Illig | E15: 3
A16: A7. Dark Body Metallic STM, All Solid Colors
A17: A8. Light Body Metallic STM, All Solid Colors
A18: A9. Marble, STM, 2 or 3 colors incl. flesh | B18: David Rivera | C18: Iván Roldán | E18: 2
A19: A10. Grizzle, Pineapple, Black Orchid, 2 & 3 color Multis STM | B19: Obed Gutierrez | E19: 1
A20: A11. Patterned: Multi 4 or more colors, STM. | B20: Siegbert Illig | E20: 1
A21: A12. Butterfly STM | B21: Iván Roldán | C21: Iván Roldán | E21: 2
A22: A13. Halfmoon STM Bicolor (Light body & dark body)
A23: A14. Dragon Longfin Male, Light Body BiColor with any colored fins | B23: Dagmar Vélez Roldán | E23: 1
A24: A15. Non-iridescent Dark STF: red, black, black lace
A25: A16. Light Solid STF: yellow, cellophane, white, pastel, orange
A26: A17. Royal Blue STF | B26: Siegbert Illig | C26: Siegbert Illig | E26: 2
A27: A18. Steel Blue STF | B27: Siegbert Illig | C27: David Rivera | E27: 2
A28: A19. Green/Turquoise STF | B28: Siegbert Illig | C28: Siegbert Illig | D28: Siegbert Illig | E28: 3
A29: A20. Metallic STF, All Solid light and dark colors | B29: Dagmar Vélez Roldán | E29: 1
A30: A21. Marble STF 2 or 3 colors incl. flesh | B30: Iván Roldán | E30: 1
A31: A22. Grizzle, Pina, Blk Orchid, 2 & 3 color Multi STF | B31: Dagmar Velez Roldán | E31: 1
A32: A23. Patterned Multi with 4 or more colors STF
A33: A24. Butterfly STF | B33: Obed Gutierrez | C33: Jaqueline Gray | D33: Jaqueline Gray | E33: 5
A34: A25. Bicolor STF (Light body & dark body)
A35: A26. Dragon Longfin Fem Lgt Body BiColor any colored fins.
A36: Variety B: Shortfin | B36: Name 1st Place | C36: Name 2nd Place | D36: Name 3rd Place
A37: B1. Show Plakat STM Solid dark non-iridescent | B37: Obed Gutierrez | C37: Obed Gutierrez | D37: Iván Roldán | E37: 10
A38: B2. Show Plakat STM Dark iridescent | B38: Dagmar Vélez Roldán | C38: Dagmar Vélez Roldán | D38: David Rivera | E38: 4
A39: B3. Show Plakat STM Light non-metallic (see A3 above) | B39: Obed Gutierrez | C39: Obed Gutierrez | D39: Iván Roldán | E39: 8
A40: B4. Show Plakat STM Marble, 2 or 3 colors incl. flesh | B40: Obed Gutierrez | C40: Noel Padilla | D40: Obed Gutierrez | E40: 3
A41: B5. Show Plakat STM Metallic All Solid dark & light colors
A42: B6. Show PK STM Marble, Griz. Pina, BK Orchid & 2/3 Multis | B42: Obed Gutierrez | C42: Obed Gutierrez | D42: Obed Gutierrez | E42: 9
A43: B7. Show Plakat STM Multi with 4 or more colors | B43: Iván Roldán | C43: Iván Roldán | D43: Obed Gutierrez | E43: 5
A44: B8 Show Plakat STM Butterfly | B44: Iván Roldán | E44: 8
A45: B9. Show Plakat STM Bicolor (light body and dark body) | B45: Iván Roldán | C45: Noel Padilla | D45: Obed Gutierrez | E45: 6
A46: B10. Dragon Shortfin Male Light Body BiColor, any colored fins | B46: Obed Gutierrez | C46: Noel Padilla | D46: Obed Gutierrez | E46: 3
A47: B11. Traditional Plakat STM Solid Colors | B47: Siegbert Illig | C47: Siegbert Illig | D47: Iván Roldán | E47: 4
A48: B12. Traditional Plakat STM Patterned
A49: B13. Symmetrical STM All colors | B49: Obed Gutierrez | C49: Obed Gutierrez | E49: 2
A50: B14. Show & Sym PK STF Dark Solid color non- iridescent | B50: Noel Padilla | C50: Iván Roldán | E50: 2
A51: B15. Show & Symmetrical Plakat STF Dark Solid Irid. | B51: Iván Roldán | C51: Dagmar Vélez Roldán | D51: Dagmar Vélez Roldán | E51: 4
A52: B16. Show & Sym. Plakat STF Metallic Solid dark & light
A53: B17. Show & Sym. PK STF Light Solid non-metallic: | B53: Jaqueline Gray | C53: Jaqueline Gray | D53: Iván Roldán | E53: 6
A54: B18. Show/Sym PK STF Marble, Griz. Pina, BK Orchid & 2/3 Multis | B54: Iván Roldán | C54: Obed Gutierrez | D54: Iván Roldán | E54: 3
A55: B19. Show & Sym. PK STF Patterned with 4 or more colors) | B55: Obed Gutierrez | C55: Iván Roldán | D55: Iván Roldán | E55: 4
A56: B20. Show & Symmetrical Plakat STF Butterfly | B56: David Rivera | C56: Iván Roldán | E56: 2
A57: B21. Show & Symmetrical PK STF Bicolor (lgt & dk body) | B57: Obed Gutierrez | C57: Iván Roldán | E57: 2
A58: B22. Dragon Shortfin Fem. Ligt Body BiColor any colored fins | B58: Obed Gutierrez | C58: Obed Gutierrez | E58: 2
A59: B23. Traditional Plakat STF All colors | B59: Iván Roldán | E59: 1
A60: Variety C: Other Recognized Forms | B60: Name 1st Place | C60: Name 2nd Place | D60: Name 3rd Place
A61: C1. Crowntail HM STM | B61: Iván Roldán | C61: Obed Gutierrez | D61: Iván Roldán | E61: 3
A62: C2. Doubletail Male - All types | B62: David Rivera | C62: Obed Gutierrez | D62: Obed Gutierrez | E62: 5
A63: C3. Veiltail Male STM
A64: C4. Crowntail Plakat STM | B64: Obed Gutierrez | C64: Obed Gutierrez | D64: Obed Gutierrez | E64: 3
A65: C5. Large Pectorals All longfin and shortfin STM
A66: C6. Crowntail HM STF All colors | B66: Ivan Roldán | C66: Iván Roldán | D66: Iván Roldán | E66: 5
A67: C7. Doubletail Females All types | B67: Obed Gutierrez | C67: Siegbert Illig | D67: Obed Gutierrez | E67: 3
A68: C8. Veiltail STF
A69: C9. Large Pectoral All longfin and shortfin STF | B69: David Rivera | C69: David Rivera | E69: 2
A70: C10. Crowntail Plakat STF | B70: Obed Gutierrez | C70: Obed Gutierrez | D70: David Rivera | E70: 3
A71: C11. Giant Plakat Male & Female
A72: Variety D: Self Bred Breeders Division | B72: Class winners in Variety D are considered for BOV appropriate to their respective gender and variety.
B73: Name 1st Place | C73: Name 2nd Place | D73: Name 3rd Place
A74: D1. Color or Form Variations | B74: Dagmar Vélez Roldán | C74: Siegbert Illig | E74: 2
A75: D1 - Types (list the winning variations)
A76: D1 - List all other variations shown and #s
A77: D2. Color & Form Variations Female
A78: D2 - Types (list the winning variations)
A79: D2 - List all other variations shown and #s
A80: D3. Form and Finnage Male
A81: D4. Form and Finnage Female
A82: D5. Pairs Longfin Halfmoon, VT, CT, DT, LP, etc. | B82: Siegbert Illig | E82: 1
A83: D6. Pairs, Shortfin & any mid-length fin* | B83: Iván Roldán | C83: Iván Roldán | E83: 2
A85: D7. Hybrids, Male & Female
A86: List winning species from Labels/Entry form
A87: D8. Aliens
A88: Variety E: Wilds
B89: Name 1st Place | C89: Name 2nd Place | D89: Name 3rd Place
A90: E1.. Bubblenester Pairs or Trios
A91: E1. list the winning species)
A92: E2. Mouthbrooder Pairs or Trios
A93: E2. list the winning species)
A94: E3. Single Entry Bubblenesters or Mouthbrooders
A95: E3. list the winning species)
A96: Group B: Self Bred New Breeder | B96: Name 1st Place | C96: Name 2nd Place | D96: Name 3rd Place
A97: NB1. HM STM Solid Color (Incl. Large Pectorals)
A98: NB2. HM Patterned STM (Inc. Large Pectorals)
A99: NB3. Plakat/Shortfin STM Solid Color
A100: NB4. PK/SF STM – Patt. (BiC, Marble, Pineapple, black orchid & 3-color)
A101: NB5. Plakat/SF Male patterned with 4 or more colors.
...

Sheet Points
A1: Show Points Log
A2: Exhibitor names | B2: TOTALS FROM EACH SECTION BELOW | J2: Overall | K2: Overall
A3: Overall Points | B3: Var A | C3: Var b | D3: Var c | E3: Var d | F3: Var e | G3: BOS | J3: TOTAL | K3: copied
A4: Obed Gutierrez | B4: 165 | C4: 430 | D4: 250 | G4: 260 | J4: =SUM(B4:I4) -> 1105 | K4: 1105
A5: Siegbert Illig | B5: 215 | C5: 35 | D5: 15 | E5: 35 | J5: =SUM(B5:I5) -> 300 | K5: 300
A6: David Rivera | B6: 35 | C6: 30 | D6: 105 | J6: =SUM(B6:I6) -> 170 | K6: 170
A7: Iván Roldán | B7: 70 | C7: 285 | D7: 75 | E7: 35 | J7: =SUM(B7:I7) -> 465 | K7: 465
A8: Dagmar Vélez Roldán | B8: 100 | C8: 60 | E8: 20 | G8: 100 | J8: =SUM(B8:I8) -> 280 | K8: 280
A9: Noel Padilla | B9: 0 | C9: 65 | J9: =SUM(B9:I9) -> 65 | K9: 65
A10: Jaqueline Gray | B10: 25 | C10: 35 | J10: =SUM(B10:I10) -> 60 | K10: 60
A14: ALL CLASSES | B14: FIRST = 20, Second =15, Third = 10 | AA14: BOV 40, RBOV 30
AB15: A1 | AC15: A14 | AD15: A6 | AE15: A24 | AG15: A Total
A16: Variety A | B16: A1 | C16: A2 | D16: A3 | E16: A4 | F16: A5 | G16: A6 | H16: A7 | I16: A8 | J16: A9 | K16: A10 | L16: A11 | M16: A12 | N16: A13 | O16: A14 | P16: A15 | Q16: A16 | R16: A17 | S16: A18 | T16: A19 | U16: A20 | V16: A21 | W16: A22 | X16: A23 | Y16: A24 | Z16: A25 | AA16: A26 | AB16: bov A m | AC16: bov A f | AD16: rbov A m | AE16: rbov A f | AF16: A TOTAL | AG16: copied
A17: Obed Gutierrez | B17: 35 | D17: 20 | K17: 20 | Y17: 20 | AB17: 40 | AE17: 30 | AF17: 165 | AG17: 165
A18: Siegbert Illig | E18: 20 | G18: 45 | L18: 20 | R18: 35 | S18: 20 | T18: 45 | AD18: 30 | AF18: 215 | AG18: 215
A19: David Rivera | J19: 20 | S19: 15 | AF19: 35 | AG19: 35
A20: Iván Roldán | J20: 15 | M20: 35 | V20: 20 | AF20: 70 | AG20: 70
A21: Dagmar Vélez Roldán | O21: 20 | U21: 20 | W21: 20 | AC21: 40 | AF21: 100 | AG21: 100
A22: Noel Padilla | AF22: 0 | AG22: 0
A23: Jaqueline Gray | Y23: 25 | AF23: 25 | AG23: 25
AB28: b4 | AC28: b21 | AD28: b1 | AE28: b18 | AG28: B Total
A29: Variety B | B29: B1 | C29: B2 | D29: B3 | E29: B4 | F29: B5 | G29: B6 | H29: B7 | I29: B8 | J29: B9 | K29: B10 | L29: B11 | M29: B12 | N29: B13 | O29: B14 | P29: B15 | Q29: B16 | R29: B17 | S29: B18 | T29: B19 | U29: B20 | V29: B21 | W29: B22 | X29: B23 | AB29: bov B m | AC29: bov B f | AD29: rbov B m | AE29: rbov B f | AF29: B TOTAL | AG29: copied
A30: Obed Gutierrez | B30: 35 | D30: 35 | E30: 30 | G30: 45 | H30: 10 | J30: 10 | K30: 30 | N30: 35 | S30: 15 | T30: 20 | V30: 20 | W30: 35 | AB30: 40 | AC30: 40 | AD30: 30 | AF30: =SUM(B30:AE30) -> 430 | AG30: 430
A31: Siegbert Illig | L31: 35 | AF31: =SUM(B31:AE31) -> 35 | AG31: 35
A32: David Rivera | C32: 10 | U32: 20 | AF32: =SUM(B32:AE32) -> 30 | AG32: 30
A33: Iván Roldán | B33: 10 | D33: 10 | H33: 35 | I33: 20 | J33: 20 | L33: 10 | O33: 15 | P33: 20 | R33: 10 | S33: 30 | T33: 25 | U33: 15 | V33: 15 | X33: 20 | AE33: 30 | AF33: =SUM(B33:AE33) -> 285 | AG33: 285
A34: Dagmar Vélez Roldán | C34: 35 | P34: 25 | AF34: =SUM(B34:AE34) -> 60 | AG34: 60
A35: Noel Padilla | E35: 15 | J35: 15 | K35: 15 | O35: 20 | AF35: =SUM(B35:AE35) -> 65 | AG35: 65
A36: Jaqueline Gray | R36: 35 | AF36: =SUM(B36:AE36) -> 35 | AG36: 35
AB41: c2 | AC41: c10 | AD41: c4 | AE41: c10 | AG41: C Totals
A42: Variety C | B42: C1 | C42: C2 | D42: C3 | E42: C4 | F42: C5 | G42: C6 | H42: C7 | I42: C8 | J42: C9 | K42: C10 | L42: C11 | AB42: bov C m | AC42: bov C f | AD42: rbov C m | AE42: rbov C f | AF42: C TOTAL | AG42: copied
A43: Obed Gutierrez | B43: 15 | C43: 25 | E43: 45 | H43: 30 | K43: 35 | AC43: 40 | AD43: 30 | AE43: 30 | AF43: =SUM(B43:AE43) -> 250 | AG43: 250
A44: Siegbert Illig | H44: 15 | AF44: =SUM(B44:AE44) -> 15 | AG44: 15
A45: David Rivera | C45: 20 | J45: 35 | K45: 10 | AB45: 40 | AF45: =SUM(B45:AE45) -> 105 | AG45: 105
A46: Iván Roldán | B46: 30 | G46: 45 | AF46: =SUM(B46:AE46) -> 75 | AG46: 75
A47: Dagmar Vélez Roldán
A48: Noel Padilla
A49: Jaqueline Gray
A55: Variety D | B55: D1 | C55: D2 | D55: D3 | E55: D4 | F55: D5 | G55: D6 | H55: D7 | I55: D8 | O55: D classes winners are moved to A, B, C for BOV/RBOV. If they win BOV, their points are counted here in Variety D for Variety winner. Make sure not to count these points twice towards Overall points. | AF55: D TOTAL
A56: Obed Gutierrez
A57: Siegbert Illig | B57: 15 | F57: 20 | AF57: =SUM(B57:AE57) -> 35 | AG57: 35
A58: David Rivera
A59: Iván Roldán | G59: 35 | AF59: =SUM(B59:AE59) -> 35 | AG59: 35
A60: Dagmar Vélez Roldán | B60: 20 | AF60: =SUM(B60:AE60) -> 20 | AG60: 20
A61: Noel Padilla
A62: Jaqueline Gray
A65: Variety E | B65: E1 | C65: E2 | D65: E3 | F65: bov e | G65: rbov e
AF68: E TOTAL
B70: Best of Show 100, Reserve Best of Show 80
A71: Best of Show | B71: BOS Male | C71: BOS Fem. | D71: RBOS Male | E71: RBOS Fem. | G71: BOS Total | H71: Total copied
B72: A1 | C72: A14 | D72: A1 | E72: C10
A73: Obed Gutierrez | B73: 100 | D73: 80 | E73: 80 | G73: 260 | H73: 260
A74: Dagmar Velez Roldan | C74: 100 | G74: 100 | H74: 100
AB75: New Breeder BOS 50, RBOS 30
A77: New Breeder | B77: NB1 | C77: NB2 | D77: NB3 | E77: NB4 | F77: NB5 | G77: NB6 | H77: NB7 | I77: NB8 | J77: NB9 | K77: NB10 | L77: NB11 | M77: NB12 | N77: NB13 | AB77: NB bos m | AC77: NB bos f | AD77: NB rbos m | AE77: NB rbos f | AF77: NB TOTAL
AB79: Collector BOS 50, RBOS 30
AB80: CC5 | AD80: CC7
A81: Collector | B81: CC1 | C81: CC2 | D81: CC3 | E81: CC4 | F81: CC5 | G81: CC6 | H81: CC7 | I81: CC8 | J81: CC9 | K81: CC10 | L81: CC11 | M81: CC12 | N81: CC13 | AB81: CC bos m | AC81: CC bos f | AD81: CC rbos m | AE81: CC rbos f | AF81: CC TOTAL
A82: David Rivera | E82: 45 | F82: 20 | H82: 20 | AB82: 50 | AD82: 50 | AF82: 185
A83: Iván Roldán | F83: 15 | AF83: 15
A94: Arts & Crafts | B94: AC1 | C94: AC2 | D94: AC3 | AF94: A&C TOTAL
A99: Junior classes get NO points - if that changes would get class points, but no BOS/RBOS | J99: They do get club certificates.
B100: JB1 | C100: JB2 | D100: JB3 | E100: JB4
A101: Noel Padilla | D101: 35

Sheet ShowContinuousLog
A1: "Betta Expo Internacional Primavera" "abril 2022" | H1: Columns can be rearranged for judging, results, auction, inputting entry no for classes etc. Contact Christina Simpson if you are unsure how to use these features (sort and filter)
A4: =A1 -> "Betta Expo Internacional Primavera" "abril 2022"
A5: Continuous No | B5: Breeder's Fish # | C5: Class No | D5: Entry No | E5: Auction | F5: Minimum Bid | G5: Breeder Labels & Remarks | H5: Exhibitor Name | I5: Judging Comments/Class Changes | J5: Place | K5: Best Of | L5: Selling Price | M5: Bidder No
A7: 1 | B7: 1 | C7: A1 | D7: 2 | E7: N | G7: RED | H7: Obed Gutierrez | J7: 2nd
A8: 2 | B8: 2 | C8: A1 | D8: 3 | E8: N | G8: RED | H8: Obed Gutierrez | J8: 1st | K8: Best of Variety Male Cat. A and Reserve Best of Show
A9: 3 | B9: 3 | C9: A3 | D9: 1 | E9: N | G9: CELLOPHANE | H9: Obed Gutierrez | J9: 1st
A10: 4 | B10: 4 | C10: A10 | D10: 4 | E10: N | G10: MULTICOLOR | H10: Obed Gutierrez | J10: 1st
A11: 5 | B11: 5 | C11: B21 | D11: 1 | E11: N | G11: BLACK DRAGON | H11: Obed Gutierrez | I11: from B14 to B21 | J11: 1st | K11: Best of Variety Female Cat B
A12: 6 | B12: 6 | C12: A24 | D12: 2 | E12: N | G12: RED | H12: Obed Gutierrez | J12: 1st | K12: Reserve best of Variety Femelae Cat A.
A13: 7 | B13: 7 | C13: B1 | D13: 2 | E13: N | G13: RED | H13: Obed Gutierrez
A14: 8 | B14: 8 | C14: B1 | D14: 3 | E14: N | G14: RED | H14: Obed Gutierrez | J14: 1st | K14: reserve best of variety Male cat B
A15: 9 | B15: 9 | C15: B1 | D15: 4 | E15: N | G15: RED | H15: Obed Gutierrez | J15: 2nd
A16: 10 | B16: 10 | C16: B3 | D16: 4 | E16: N | G16: CELLOPHANE | H16: Obed Gutierrez | J16: 2nd
A17: 11 | B17: 11 | C17: B3 | D17: 5 | E17: N | G17: CELLOPHANE | H17: Obed Gutierrez
A18: 12 | B18: 12 | C18: B3 | D18: 6 | E18: N | G18: CELLOPHANE | H18: Obed Gutierrez | J18: 1st
A19: 13 | B19: 13 | C19: B4 | D19: 2 | E19: N | G19: MARBLE | H19: Obed Gutierrez | J19: 3rd
A20: 14 | B20: 14 | C20: B4 | D20: 3 | E20: N | G20: MARBLE | H20: Obed Gutierrez | J20: 1st | K20: best of variety male cat B and Best of show Male
A21: 15 | B21: 15 | C21: B6 | D21: 11 | E21: N | G21: GRIZZLE | H21: Obed Gutierrez | J21: 1st
A22: 16 | B22: 16 | C22: B6 | D22: 12 | E22: N | G22: BLACK ORCHID | H22: Obed Gutierrez | J22: 3rd
A23: 17 | B23: 17 | C23: B6 | D23: 13 | E23: N | G23: BLACK ORCHID | H23: Obed Gutierrez | J23: 2nd
A24: 18 | B24: 18 | C24: B6 | D24: 6 | E24: N | G24: MULTICOLOR | H24: Obed Gutierrez | I24: from B7 to B6
A25: 19 | B25: 19 | C25: B7 | D25: 2 | E25: N | G25: MULTICOLOR | H25: Obed Gutierrez | J25: 2nd
A26: 20 | B26: 20 | C26: B7 | D26: 3 | E26: N | G26: MULTICOLOR | H26: Obed Gutierrez | J26: 3rd
A27: 21 | B27: 21 | C27: B10 | D27: 2 | E27: N | G27: DRAGON | H27: Obed Gutierrez | J27: 1st
A28: 22 | B28: 22 | C28: B10 | D28: 3 | E28: N | G28: DRAGON | H28: Obed Gutierrez | J28: 3rd
A29: 23 | B29: 23 | C29: B13 | D29: 1 | E29: N | G29: SYMMETRICAL | H29: Obed Gutierrez | J29: 2nd
A30: 24 | B30: 24 | C30: B13 | D30: 2 | E30: N | G30: SYMMETRICAL | H30: Obed Gutierrez | J30: 1st
A31: 25 | B31: 25 | C31: B18 | D31: 2 | E31: N | G31: PINEAPPLE | H31: Obed Gutierrez | J31: 2nd
A32: 26 | B32: 26 | C32: B19 | D32: 2 | E32: N | G32: MULTICOLOR | H32: Obed Gutierrez | J32: 1st
A33: 27 | B33: 27 | C33: B22 | D33: 1 | E33: N | G33: RED DRAGON | H33: Obed Gutierrez | J33: 1st
A34: 28 | B34: 28 | C34: B22 | D34: 2 | E34: N | G34: RED DRAGON | H34: Obed Gutierrez | J34: 2nd
A35: 29 | B35: 29 | C35: C1 | D35: 1 | E35: N | G35: CT | H35: Obed Gutierrez | J35: 2nd
A36: 30 | B36: 30 | C36: C2 | D36: 2 | E36: N | G36: DT | H36: Obed Gutierrez | J36: 3rd
A37: 31 | B37: 31 | C37: C2 | D37: 3 | E37: N | G37: DT | H37: Obed Gutierrez
A38: 32 | B38: 32 | C38: C4 | D38: 1 | E38: N | G38: CTPK | H38: Obed Gutierrez | J38: 1st | K38: reserve Best of variety male cat. C
A39: 33 | B39: 33 | C39: C4 | D39: 2 | E39: N | G39: CTPK | H39: Obed Gutierrez | J39: 2nd
A40: 34 | B40: 34 | C40: C4 | D40: 3 | E40: N | G40: CTPK | H40: Obed Gutierrez | J40: 3rd
A41: 35 | B41: 35 | C41: C2 | D41: 4 | E41: N | G41: DT | H41: Obed Gutierrez | J41: 2nd
A42: 36 | B42: 36 | C42: C7 | D42: 2 | E42: N | G42: DT | H42: Obed Gutierrez | J42: 1st
A43: 37 | B43: 37 | C43: C7 | D43: 3 | E43: N | G43: DT | H43: Obed Gutierrez | J43: 3rd
A44: 38 | B44: 38 | C44: C10 | D44: 2 | E44: N | G44: CTPK | H44: Obed Gutierrez | J44: 1st | K44: reserve best of show , Best of variety female cat. C
A45: 39 | B45: 39 | C45: C10 | D45: 3 | E45: N | G45: CTPK | H45: Obed Gutierrez | J45: 2nd | K45: Reserve Best of Variety Female Cat . C
A46: 40 | B46: 40 | C46: B9 | D46: 1 | E46: N | G46: HELP | H46: Obed Gutierrez | I46: from CH to B9 | J46: 3rd
A47: 41 | B47: 41 | C47: C5 | D47: 4 | E47: N | G47: DT | H47: Obed Gutierrez | I47: No show
A48: 42 | B48: 42 | C48: C10 | D48: 4 | E48: N | G48: CTPK | H48: Obed Gutierrez | I48: No show
A49: 43 | B49: 43 | C49: C10 | D49: 5 | E49: N | G49: CTPK | H49: Obed Gutierrez | I49: No show
A50: 44 | B50: 1 | C50: A4 | D50: 1 | E50: Y | F50: 10 | G50: BLUE STM #7 | H50: Siegbert Illig | J50: 1st
A51: 45 | B51: 2 | C51: A6 | D51: 1 | E51: Y | F51: 10 | G51: TURQUOISE STM #941 | H51: Siegbert Illig | J51: 3rd
A52: 46 | B52: 3 | C52: A6 | D52: 2 | E52: Y | F52: 10 | G52: TURQUOISE STM #105 | H52: Siegbert Illig | J52: 1st | K52: Reserve Best of Variety male Cat A.
A53: 47 | B53: 4 | C53: A6 | D53: 3 | E53: Y | F53: 10 | G53: TURQUOISE STM #97 | H53: Siegbert Illig | J53: 2nd
A54: 48 | B54: 5 | C54: A11 | D54: 1 | E54: Y | F54: 10 | G54: BF STM #920 | H54: Siegbert Illig | I54: from A12 ro A11 | J54: 1st
A55: 49 | B55: 6 | C55: A16 A17 | D55: 1 | E55: Y | F55: 10 | G55: BLUE STF #920 | H55: Siegbert Illig | I55: from A17 to A16 were A16 | J55: 1st
A56: 50 | B56: 7 | C56: A16 A17 | D56: 2 | E56: Y | F56: 10 | G56: BLUE STF #2 | H56: Siegbert Illig | I56: from A17 to A16 were A16 | J56: 2nd
A57: 51 | B57: 8 | C57: A18 | D57: 1 | E57: Y | F57: 10 | G57: STEEL BLUE STF #972 | H57: Siegbert Illig | J57: 1st
A58: 52 | B58: 9 | C58: A19 | D58: 1 | E58: Y | F58: 10 | G58: TURQUOISE STF #948 | H58: Siegbert Illig | J58: 1st
A59: 53 | B59: 10 | C59: A19 | D59: 2 | E59: Y | F59: 10 | G59: TURQUOISE STF #954 | H59: Siegbert Illig | J59: 3rd
A60: 54 | B60: 11 | C60: A19 | D60: 3 | E60: Y | F60: 10 | G60: TURQUOISE STF #942 | H60: Siegbert Illig | J60: 2nd
A61: 55 | B61: 12 | C61: B6 | D61: 1 | E61: Y | F61: 10 | G61: PINEAPPLE PK MALE #889 | H61: Siegbert Illig
A62: 56 | B62: 13 | C62: B6 | D62: 2 | E62: Y | F62: 10 | G62: PINEAPPLE PK MALE #895 | H62: Siegbert Illig | I62: DQ mouth wont close
A63: 57 | B63: 14 | C63: B11 | D63: 1 | E63: Y | F63: 6 | G63: TRADITIONAL RED PK MALE #51 | H63: Siegbert Illig | J63: 1st
A64: 58 | B64: 15 | C64: B11 | D64: 2 | E64: Y | F64: 6 | G64: TRADITIONAL RED PK MALE #55 | H64: Siegbert Illig | J64: 2nd
A65: 59 | B65: 16 | C65: C2 | D65: 1 | E65: Y | F65: 10 | G65: DTM #977 | H65: Siegbert Illig
A66: 60 | B66: 17 | C66: C7 | D66: 1 | E66: Y | F66: 6 | G66: DTF #40 | H66: Siegbert Illig | J66: 2nd
A67: 61 | B67: 18 | C67: D1 | D67: 1 | E67: Y | F67: 6 | G67: ROSETAIL 31 | H67: Siegbert Illig | J67: 2nd
A68: 62 | B68: 19 | C68: D5 | D68: 1A | E68: Y | F68: 12P | G68: METALLIC GREEN STM #113 PAIR | H68: Siegbert Illig | J68: 1st
A69: 63 | B69: 20 | C69: D5 | D69: 1B | E69: Y | F69: 12P | G69: METALLIC GREEN STF #120 PAIR | H69: Siegbert Illig | J69: 1st
A70: 64 | B70: 1 | C70: B6 | D70: 3 | E70: Y | F70: 15 | G70: White Show PKM | H70: Jaqueline Gray | I70: from B3 to B6
A71: 65 | B71: 2 | C71: B3 | D71: 1 | E71: Y | F71: 15 | G71: Pastel Blue and White Show PKM | H71: Jaqueline Gray | I71: from B4 to B3
A72: 66 | B72: 3 | C72: B17 | D72: 8 | E72: Y | F72: 15 | G72: Pastel Green Grizzle Show PKM | H72: Jaqueline Gray | I72: fromB6 to B17 | J72: 2nd
A73: 67 | B73: 4 | C73: B6 | D73: 5 | E73: Y | F73: 10 | G73: Pastel Blue Show PKF | H73: Jaqueline Gray | I73: from B17 to B6
A74: 68 | B74: 5 | C74: B17 | D74: 2 | E74: Y | F74: 10 | G74: White Show PKF | H74: Jaqueline Gray
A75: 69 | B75: 6 | C75: B17 | D75: 3 | E75: Y | F75: 10 | G75: White Show PKF | H75: Jaqueline Gray | J75: 1st
A76: 70 | B76: 7 | C76: A24 | D76: 4 | E76: Y | F76: 10 | G76: Black Copper Marble HM STF | H76: Jaqueline Gray | I76: from A21 to A24
A77: 71 | B77: 8 | C77: A24 | D77: 5 | E77: Y | F77: 10 | G77: Red Copper Marble HM STF | H77: Jaqueline Gray | I77: from A21 to A24 | J77: 3rd
A78: 72 | B78: 9 | C78: A24 | D78: 3 | E78: Y | F78: 10 | G78: Red Copper Marble HM STF | H78: Jaqueline Gray | I78: from A21 to A24
A79: 73 | B79: 10 | C79: A24 | D79: 1 | E79: Y | F79: 10 | G79: Black/Platinum Dragon HM STF | H79: Jaqueline Gray | I79: from A26 to A24 . Class does not exist | J79: 2nd
A80: 74 | B80: 1 | C80: A14 | D80: 1 | E80: N | G80: female halfmoon black orchid | H80: Dagmar Velez Roldan | I80: from A22 to A14 | J80: 1st | K80: Best of Show and variety female Cat. A
A81: 75 | B81: 2 | C81: B15 | D81: 3 | E81: N | G81: female plakat black orchid | H81: Dagmar Velez Roldan | I81: from B18 to B15
A82: 76 | B82: 3 | C82: B15 | D82: 4 | E82: N | G82: female plakat black orchid | H82: Dagmar Velez Roldan | I82: from B18 to B15 | J82: 3rd
A83: 77 | B83: 4 | C83: B6 | D83: 4 | E83: N | G83: male plakat black orchid | H83: Dagmar Velez Roldan
A84: 78 | B84: 5 | C84: A20 | D84: 1 | E84: N | G84: female halfmoon butterfly | H84: Dagmar Velez Roldan | I84: from A24 to A20 | J84: 1st
A85: 79 | B85: 6 | C85: B2 | D85: 1 | E85: N | G85: male plakat black orchid | H85: Dagmar Velez Roldan | I85: from B6 to B2 | J85: 2nd
A86: 80 | B86: 7 | C86: A22 | D86: 2 | E86: N | G86: female halfmoon black orchid | H86: Dagmar Velez Roldan | J86: 1st
A87: 81 | B87: 8 | C87: B2 | D87: 2 | E87: N | G87: male plakat black orchid | H87: Dagmar Velez Roldan | I87: from B6 to B2 | J87: 1st
A88: 82 | B88: 9 | C88: B15 | D88: 5 | E88: N | G88: female plakat black orchid | H88: Dagmar Velez Roldan | I88: from B18 to B15 | J88: 2nd
A89: 83 | B89: 10 | C89: D1 | D89: 2 | E89: N | G89: male plakat black orchid body with a white head and black mustache | H89: Dagmar Velez Roldan | J89: 1st
A90: 84 | B90: 1 | C90: A12 | D90: 2 | E90: N | G90: rojo cambodian | H90: Ivan Roldan | I90: from A1 to A12 | J90: 2nd
A91: 85 | B91: 2 | C91: A12 | D91: 3 | E91: N | G91: rojo multi borde negro | H91: Ivan Roldan | I91: from A10 to A12 | J91: 1st
A92: 86 | B92: 3 | C92: B6 | D92: 7 | E92: N | G92: piña | H92: Ivan Roldan
A93: 87 | B93: 4 | C93: B23 | D93: 1 | E93: N | G93: hembra clara negra y rojo | H93: Ivan Roldan | J93: 1st
A94: 88 | B94: 5 | C94: B18 | D94: 4 | E94: N | G94: macho plackat negro y rojo | H94: Ivan Roldan | I94: from b13 to b18 | J94: 1st | K94: reserve best of variety Female Cat B
A95: 89 | B95: 6 | C95: B15 | D95: 1 | E95: N | G95: hambra azul brillante | H95: Ivan Roldan | J95: 1st
A96: 90 | B96: 7 | C96: B21 | D96: 2 | E96: N | G96: hembra cambodian con blamco | H96: Ivan Roldan | J96: 2nd
A97: 91 | B97: 8 | C97: B18 | D97: 6 | E97: N | G97: hambra multicolor 3 colores | H97: Ivan Roldan | I97: DQ Body
A98: 92 | B98: 9 | C98: B9 | D98: 7 | E98: N | G98: macho multi con azul 2 colores | H98: Ivan Roldan | I98: from. B6 to B9
A99: 93 | B99: 10 | C99: B8 | D99: 1 | E99: N | G99: macho blanco verdes azules | H99: Ivan Roldan | I99: it’s a show Plakat from B12 to B6 to B8 | J99: 1st
A100: 94 | B100: 11 | C100: A21 | D100: 4 | E100: N | G100: hembra multi | H100: Ivan Roldan | J100: 1st
A101: 95 | B101: 12 | C101: B9 | D101: 2 | E101: N | G101: macho rojo y negro | H101: Ivan Roldan | I101: from B1 to B9 | J101: 1st
A102: 96 | B102: 13 | C102: B1 | D102: 5 | E102: N | G102: macho plackat naranja | H102: Ivan Roldan | I102: from B3 to B1
A103: 97 | B103: 14 | C103: B11 | D103: 3 | E103: N | G103: hembra multi mayormente negra cara blanca | H103: Ivan Roldan | I103: from B23 to B11 | J103: 3rd
...

Sheet AuctionCheatSheet
A1: =ShowContinuousLog!A1 -> "Betta Expo Internacional Primavera" "abril 2022"
A2: Auction Log
A3: Con. No | C3: Class No | D3: Entry No | E3: Auction? | F3: Minimum Bid | G3: Exhibitor Description | H3: Exhibitor Name | I3: Judging Comments/Class Changes | J3: Place | K3: Best Of? | L3: Sell Price | M3: Bidder No | O3: This sheet can be used to make the "Live Auction Log". Simply "SORT" (do not filter!) the ShowContinuousLog sheet from "ZtoA" so that all the "Y" auction fish come up first. Then, this page will autopopulate. Then you can Copy columns from here and paste directly into the Live Auction Log
A4: =ShowContinuousLog!A7 -> 1 | B4: =ShowContinuousLog!B7 -> 1 | C4: =ShowContinuousLog!C7 -> A1 | D4: =ShowContinuousLog!D7 -> 2 | E4: =ShowContinuousLog!E7 -> N | F4: =ShowContinuousLog!F7 -> 0 | G4: =ShowContinuousLog!G7 -> RED | H4: =ShowContinuousLog!H7 -> Obed Gutierrez | J4: =ShowContinuousLog!J7 -> 2nd | K4: =ShowContinuousLog!K7 -> 0
A5: =ShowContinuousLog!A8 -> 2 | B5: =ShowContinuousLog!B8 -> 2 | C5: =ShowContinuousLog!C8 -> A1 | D5: =ShowContinuousLog!D8 -> 3 | E5: =ShowContinuousLog!E8 -> N | F5: =ShowContinuousLog!F8 -> 0 | G5: =ShowContinuousLog!G8 -> RED | H5: =ShowContinuousLog!H8 -> Obed Gutierrez | J5: =ShowContinuousLog!J8 -> 1st | K5: =ShowContinuousLog!K8 -> Best of Variety Male Cat. A and Reserve Best of Show
A6: =ShowContinuousLog!A9 -> 3 | B6: =ShowContinuousLog!B9 -> 3 | C6: =ShowContinuousLog!C9 -> A3 | D6: =ShowContinuousLog!D9 -> 1 | E6: =ShowContinuousLog!E9 -> N | F6: =ShowContinuousLog!F9 -> 0 | G6: =ShowContinuousLog!G9 -> CELLOPHANE | H6: =ShowContinuousLog!H9 -> Obed Gutierrez | J6: =ShowContinuousLog!J9 -> 1st | K6: =ShowContinuousLog!K9 -> 0
A7: =ShowContinuousLog!A10 -> 4 | B7: =ShowContinuousLog!B10 -> 4 | C7: =ShowContinuousLog!C10 -> A10 | D7: =ShowContinuousLog!D10 -> 4 | E7: =ShowContinuousLog!E10 -> N | F7: =ShowContinuousLog!F10 -> 0 | G7: =ShowContinuousLog!G10 -> MULTICOLOR | H7: =ShowContinuousLog!H10 -> Obed Gutierrez | J7: =ShowContinuousLog!J10 -> 1st | K7: =ShowContinuousLog!K10 -> 0
A8: =ShowContinuousLog!A11 -> 5 | B8: =ShowContinuousLog!B11 -> 5 | C8: =ShowContinuousLog!C11 -> B21 | D8: =ShowContinuousLog!D11 -> 1 | E8: =ShowContinuousLog!E11 -> N | F8: =ShowContinuousLog!F11 -> 0 | G8: =ShowContinuousLog!G11 -> BLACK DRAGON | H8: =ShowContinuousLog!H11 -> Obed Gutierrez | J8: =ShowContinuousLog!J11 -> 1st | K8: =ShowContinuousLog!K11 -> Best of Variety Female Cat B
A9: =ShowContinuousLog!A12 -> 6 | B9: =ShowContinuousLog!B12 -> 6 | C9: =ShowContinuousLog!C12 -> A24 | D9: =ShowContinuousLog!D12 -> 2 | E9: =ShowContinuousLog!E12 -> N | F9: =ShowContinuousLog!F12 -> 0 | G9: =ShowContinuousLog!G12 -> RED | H9: =ShowContinuousLog!H12 -> Obed Gutierrez | J9: =ShowContinuousLog!J12 -> 1st | K9: =ShowContinuousLog!K12 -> Reserve best of Variety Femelae Cat A.
A10: =ShowContinuousLog!A13 -> 7 | B10: =ShowContinuousLog!B13 -> 7 | C10: =ShowContinuousLog!C13 -> B1 | D10: =ShowContinuousLog!D13 -> 2 | E10: =ShowContinuousLog!E13 -> N | F10: =ShowContinuousLog!F13 -> 0 | G10: =ShowContinuousLog!G13 -> RED | H10: =ShowContinuousLog!H13 -> Obed Gutierrez | J10: =ShowContinuousLog!J13 -> 0 | K10: =ShowContinuousLog!K13 -> 0
A11: =ShowContinuousLog!A14 -> 8 | B11: =ShowContinuousLog!B14 -> 8 | C11: =ShowContinuousLog!C14 -> B1 | D11: =ShowContinuousLog!D14 -> 3 | E11: =ShowContinuousLog!E14 -> N | F11: =ShowContinuousLog!F14 -> 0 | G11: =ShowContinuousLog!G14 -> RED | H11: =ShowContinuousLog!H14 -> Obed Gutierrez | J11: =ShowContinuousLog!J14 -> 1st | K11: =ShowContinuousLog!K14 -> reserve best of variety Male cat B
A12: =ShowContinuousLog!A15 -> 9 | B12: =ShowContinuousLog!B15 -> 9 | C12: =ShowContinuousLog!C15 -> B1 | D12: =ShowContinuousLog!D15 -> 4 | E12: =ShowContinuousLog!E15 -> N | F12: =ShowContinuousLog!F15 -> 0 | G12: =ShowContinuousLog!G15 -> RED | H12: =ShowContinuousLog!H15 -> Obed Gutierrez | J12: =ShowContinuousLog!J15 -> 2nd | K12: =ShowContinuousLog!K15 -> 0
A13: =ShowContinuousLog!A16 -> 10 | B13: =ShowContinuousLog!B16 -> 10 | C13: =ShowContinuousLog!C16 -> B3 | D13: =ShowContinuousLog!D16 -> 4 | E13: =ShowContinuousLog!E16 -> N | F13: =ShowContinuousLog!F16 -> 0 | G13: =ShowContinuousLog!G16 -> CELLOPHANE | H13: =ShowContinuousLog!H16 -> Obed Gutierrez | J13: =ShowContinuousLog!J16 -> 2nd | K13: =ShowContinuousLog!K16 -> 0
A14: =ShowContinuousLog!A17 -> 11 | B14: =ShowContinuousLog!B17 -> 11 | C14: =ShowContinuousLog!C17 -> B3 | D14: =ShowContinuousLog!D17 -> 5 | E14: =ShowContinuousLog!E17 -> N | F14: =ShowContinuousLog!F17 -> 0 | G14: =ShowContinuousLog!G17 -> CELLOPHANE | H14: =ShowContinuousLog!H17 -> Obed Gutierrez | J14: =ShowContinuousLog!J17 -> 0 | K14: =ShowContinuousLog!K17 -> 0
A15: =ShowContinuousLog!A18 -> 12 | B15: =ShowContinuousLog!B18 -> 12 | C15: =ShowContinuousLog!C18 -> B3 | D15: =ShowContinuousLog!D18 -> 6 | E15: =ShowContinuousLog!E18 -> N | F15: =ShowContinuousLog!F18 -> 0 | G15: =ShowContinuousLog!G18 -> CELLOPHANE | H15: =ShowContinuousLog!H18 -> Obed Gutierrez | J15: =ShowContinuousLog!J18 -> 1st | K15: =ShowContinuousLog!K18 -> 0
... A136: =ShowContinuousLog!A139 -> 133 | B136: =ShowContinuousLog!B139 -> 50 | C136: =ShowContinuousLog!C139 -> C1 | D136: =ShowContinuousLog!D139 -> 3 | E136: =ShowContinuousLog!E139 -> N | F136: =ShowContinuousLog!F139 -> 0 | G136: =ShowContinuousLog!G139 -> macho plakat multi mayormente azul | H136: =ShowContinuousLog!H139 -> Ivan Roldan | J136: =ShowContinuousLog!J139 -> 1st | K136: =ShowContinuousLog!K139 -> 0
A137: =ShowContinuousLog!A140 -> 134 | B137: =ShowContinuousLog!B140 -> 1 | C137: =ShowContinuousLog!C140 -> C9 | D137: =ShowContinuousLog!D140 -> 1 | E137: N | F137: 0 | G137: =ShowContinuousLog!G140 -> hembra dumbo salamander 1 | H137: =ShowContinuousLog!H140 -> David Rivera | J137: =ShowContinuousLog!J140 -> 1st | K137: =ShowContinuousLog!K140 -> 0
A138: =ShowContinuousLog!A141 -> 135 | B138: =ShowContinuousLog!B141 -> 2 | C138: =ShowContinuousLog!C141 -> C9 | D138: =ShowContinuousLog!D141 -> 2 | E138: N | F138: 0 | G138: =ShowContinuousLog!G141 -> hembra dumbo salamander 2 | H138: =ShowContinuousLog!H141 -> David Rivera | J138: =ShowContinuousLog!J141 -> 2nd | K138: =ShowContinuousLog!K141 -> 0
A139: =ShowContinuousLog!A142 -> 136 | B139: =ShowContinuousLog!B142 -> 3 | C139: =ShowContinuousLog!C142 -> C10 | D139: =ShowContinuousLog!D142 -> 1 | E139: N | F139: 0 | G139: =ShowContinuousLog!G142 -> hembra crowtail celofan | H139: =ShowContinuousLog!H142 -> David Rivera | J139: =ShowContinuousLog!J142 -> 3rd | K139: =ShowContinuousLog!K142 -> 0
A140: =ShowContinuousLog!A143 -> 137 | B140: =ShowContinuousLog!B143 -> 4 | C140: =ShowContinuousLog!C143 -> A18 | D140: =ShowContinuousLog!D143 -> 2 | E140: N | F140: 0 | G140: =ShowContinuousLog!G143 -> hembra hm verde | H140: =ShowContinuousLog!H143 -> David Rivera | J140: =ShowContinuousLog!J143 -> 2nd | K140: =ShowContinuousLog!K143 -> 0
A141: =ShowContinuousLog!A144 -> 138 | B141: =ShowContinuousLog!B144 -> 5 | C141: =ShowContinuousLog!C144 -> B20 | D141: =ShowContinuousLog!D144 -> 1 | E141: N | F141: 0 | G141: =ShowContinuousLog!G144 -> hembra bicolor blanca y roja | H141: =ShowContinuousLog!H144 -> David Rivera | J141: =ShowContinuousLog!J144 -> 1st | K141: =ShowContinuousLog!K144 -> 0
A142: =ShowContinuousLog!A145 -> 139 | B142: =ShowContinuousLog!B145 -> 6 | C142: =ShowContinuousLog!C145 -> C2 | D142: =ShowContinuousLog!D145 -> 5 | E142: N | F142: 0 | G142: =ShowContinuousLog!G145 -> macho hm cola doble marmol azul y blanco | H142: =ShowContinuousLog!H145 -> David Rivera | J142: =ShowContinuousLog!J145 -> 1st | K142: =ShowContinuousLog!K145 -> best of variety male cat C.
A143: =ShowContinuousLog!A146 -> 140 | B143: =ShowContinuousLog!B146 -> 7 | C143: =ShowContinuousLog!C146 -> B2 | D143: =ShowContinuousLog!D146 -> 4 | E143: N | F143: 0 | G143: =ShowContinuousLog!G146 -> macho plakat azul | H143: =ShowContinuousLog!H146 -> David Rivera | J143: =ShowContinuousLog!J146 -> 3rd | K143: =ShowContinuousLog!K146 -> 0
A144: =ShowContinuousLog!A147 -> 141 | B144: =ShowContinuousLog!B147 -> 8 | C144: =ShowContinuousLog!C147 -> B3 | D144: =ShowContinuousLog!D147 -> 3 | E144: N | F144: 0 | G144: =ShowContinuousLog!G147 -> macho plakat amarillo | H144: =ShowContinuousLog!H147 -> David Rivera | J144: =ShowContinuousLog!J147 -> 0 | K144: =ShowContinuousLog!K147 -> 0
A145: =ShowContinuousLog!A148 -> 142 | B145: =ShowContinuousLog!B148 -> 9 | C145: =ShowContinuousLog!C148 -> A9 | D145: =ShowContinuousLog!D148 -> 2 | E145: N | F145: 0 | G145: =ShowContinuousLog!G148 -> hm negro | H145: =ShowContinuousLog!H148 -> David Rivera | J145: =ShowContinuousLog!J148 -> 1st | K145: =ShowContinuousLog!K148 -> 0
A146: =ShowContinuousLog!A149 -> 143 | B146: =ShowContinuousLog!B149 -> 10 | C146: =ShowContinuousLog!C149 -> CC4 | D146: =ShowContinuousLog!D149 -> 1 | E146: N | F146: 0 | G146: =ShowContinuousLog!G149 -> hembra hm tricolor blanca, azul y manchas | H146: =ShowContinuousLog!H149 -> David Rivera | J146: =ShowContinuousLog!J149 -> 3rd | K146: =ShowContinuousLog!K149 -> 0
A147: =ShowContinuousLog!A150 -> 144 | B147: =ShowContinuousLog!B150 -> 11 | C147: =ShowContinuousLog!C150 -> CC7 | D147: =ShowContinuousLog!D150 -> 1 | E147: N | F147: 0 | G147: =ShowContinuousLog!G150 -> macho crowtail rojo | H147: =ShowContinuousLog!H150 -> David Rivera | J147: =ShowContinuousLog!J150 -> 1st | K147: =ShowContinuousLog!K150 -> RBOS
A148: =ShowContinuousLog!A151 -> 145 | B148: =ShowContinuousLog!B151 -> 12 | C148: =ShowContinuousLog!C151 -> CC4 | D148: =ShowContinuousLog!D151 -> 2 | E148: N | F148: 0 | G148: =ShowContinuousLog!G151 -> plakat multicolor negro, blanco y azul | H148: =ShowContinuousLog!H151 -> David Rivera | J148: =ShowContinuousLog!J151 -> 1st | K148: =ShowContinuousLog!K151 -> 0
A149: =ShowContinuousLog!A152 -> 146 | B149: =ShowContinuousLog!B152 -> 13 | C149: =ShowContinuousLog!C152 -> CC5 | D149: =ShowContinuousLog!D152 -> 2 | E149: N | F149: 0 | G149: =ShowContinuousLog!G153 -> plakat multicolor | H149: =ShowContinuousLog!H152 -> David Rivera | J149: =ShowContinuousLog!J152 -> 1st | K149: =ShowContinuousLog!K152 -> BOS
A150: =ShowContinuousLog!A153 -> 147 | B150: =ShowContinuousLog!B153 -> 14 | C150: =ShowContinuousLog!C153 -> B7 | D150: =ShowContinuousLog!D153 -> 1 | E150: N | F150: 0 | G150: =ShowContinuousLog!G154 -> plakat bicolor rojo y blanco | H150: =ShowContinuousLog!H153 -> David Rivera | J150: =ShowContinuousLog!J153 -> 0 | K150: =ShowContinuousLog!K153 -> 0
A151: =ShowContinuousLog!A154 -> 148 | B151: =ShowContinuousLog!B154 -> 15 | C151: =ShowContinuousLog!C154 -> CC4 | D151: =ShowContinuousLog!D154 -> 3 | E151: N | F151: 0 | G151: =ShowContinuousLog!#REF! -> #REF! | H151: =ShowContinuousLog!H154 -> David Rivera | J151: =ShowContinuousLog!J154 -> 2nd | K151: =ShowContinuousLog!K154 -> 0
A152: =ShowContinuousLog!A155 -> 149 | B152: =ShowContinuousLog!B155 -> 1 | C152: =ShowContinuousLog!C155 -> B1 | D152: =ShowContinuousLog!D155 -> 12 | E152: =ShowContinuousLog!E155 -> N | F152: =ShowContinuousLog!F155 -> 0 | G152: =ShowContinuousLog!G155 -> Show plakat STM Red | H152: =ShowContinuousLog!H155 -> Dodi Sunjaya | J152: =ShowContinuousLog!J155 -> 0 | K152: =ShowContinuousLog!K155 -> 0
A153: =ShowContinuousLog!A156 -> 150 | B153: =ShowContinuousLog!B156 -> 2 | C153: =ShowContinuousLog!C156 -> B1 | D153: =ShowContinuousLog!D156 -> 13 | E153: =ShowContinuousLog!E156 -> N | F153: =ShowContinuousLog!F156 -> 0 | G153: =ShowContinuousLog!G156 -> Show plakat STM Red | H153: =ShowContinuousLog!H156 -> Dodi Sunjaya | J153: =ShowContinuousLog!J156 -> 0 | K153: =ShowContinuousLog!K156 -> 0
A154: =ShowContinuousLog!A157 -> 151 | B154: =ShowContinuousLog!B157 -> 3 | C154: =ShowContinuousLog!C157 -> B5 | D154: =ShowContinuousLog!D157 -> 1 | E154: =ShowContinuousLog!E157 -> N | F154: =ShowContinuousLog!F157 -> 0 | G154: =ShowContinuousLog!G157 -> Show plakat STM Cooper | H154: =ShowContinuousLog!H157 -> Dodi Sunjaya | J154: =ShowContinuousLog!J157 -> 0 | K154: =ShowContinuousLog!K157 -> 0
A155: =ShowContinuousLog!A158 -> 152 | B155: =ShowContinuousLog!B158 -> 4 | C155: =ShowContinuousLog!C158 -> B7 | D155: =ShowContinuousLog!D158 -> 5 | E155: =ShowContinuousLog!E158 -> N | F155: =ShowContinuousLog!F158 -> 0 | G155: =ShowContinuousLog!G158 -> Show plakat STM Multi | H155: =ShowContinuousLog!H158 -> Dodi Sunjaya | J155: =ShowContinuousLog!J158 -> 0 | K155: =ShowContinuousLog!K158 -> 0
A156: =ShowContinuousLog!A159 -> 153 | B156: =ShowContinuousLog!B159 -> 5 | C156: =ShowContinuousLog!C159 -> B9 | D156: =ShowContinuousLog!D159 -> 3 | E156: =ShowContinuousLog!E159 -> N | F156: =ShowContinuousLog!F159 -> 0 | G156: =ShowContinuousLog!G159 -> Show Plakat STM Bicolor | H156: =ShowContinuousLog!H159 -> Dodi Sunjaya | J156: =ShowContinuousLog!J159 -> 0 | K156: =ShowContinuousLog!K159 -> 0
A157: =ShowContinuousLog!A160 -> 154 | B157: =ShowContinuousLog!B160 -> 6 | C157: =ShowContinuousLog!C160 -> B3 | D157: =ShowContinuousLog!D160 -> 10 | E157: =ShowContinuousLog!E160 -> N | F157: =ShowContinuousLog!F160 -> 0 | G157: =ShowContinuousLog!G160 -> Show Plakat STM yellow | H157: =ShowContinuousLog!H160 -> Dodi Sunjaya | J157: =ShowContinuousLog!J160 -> 0 | K157: =ShowContinuousLog!K160 -> 0
A158: =ShowContinuousLog!A161 -> 155 | B158: =ShowContinuousLog!B161 -> 7 | C158: =ShowContinuousLog!C161 -> B4 | D158: =ShowContinuousLog!D161 -> 5 | E158: =ShowContinuousLog!E161 -> N | F158: =ShowContinuousLog!F161 -> 0 | G158: =ShowContinuousLog!G161 -> Show Plakat STM Marble | H158: =ShowContinuousLog!H161 -> Dodi Sunjaya | J158: =ShowContinuousLog!J161 -> 0 | K158: =ShowContinuousLog!K161 -> 0
A159: =ShowContinuousLog!A162 -> 156 | B159: =ShowContinuousLog!B162 -> 8 | C159: =ShowContinuousLog!C162 -> B15 | D159: =ShowContinuousLog!D162 -> 2 | E159: =ShowContinuousLog!E162 -> N | F159: =ShowContinuousLog!F162 -> 0 | G159: =ShowContinuousLog!G162 -> STF Blue | H159: =ShowContinuousLog!H162 -> Dodi Sunjaya | J159: =ShowContinuousLog!J162 -> 0 | K159: =ShowContinuousLog!K162 -> 0
A160: =ShowContinuousLog!A163 -> 157 | B160: =ShowContinuousLog!B163 -> 9 | C160: =ShowContinuousLog!C163 -> B19 | D160: =ShowContinuousLog!D163 -> 1 | E160: =ShowContinuousLog!E163 -> N | F160: =ShowContinuousLog!F163 -> 0 | G160: =ShowContinuousLog!G163 -> STF Multi color | H160: =ShowContinuousLog!H163 -> Dodi Sunjaya | J160: =ShowContinuousLog!J163 -> 0 | K160: =ShowContinuousLog!K163 -> 0
A161: =ShowContinuousLog!A164 -> 158 | B161: =ShowContinuousLog!B164 -> 10 | C161: =ShowContinuousLog!C164 -> C5 | D161: =ShowContinuousLog!D164 -> 5 | E161: =ShowContinuousLog!E164 -> N | F161: =ShowContinuousLog!F164 -> 0 | G161: =ShowContinuousLog!G164 -> large pectoral | H161: =ShowContinuousLog!H164 -> Dodi Sunjaya | J161: =ShowContinuousLog!J164 -> 0 | K161: =ShowContinuousLog!K164 -> 0
A162: =ShowContinuousLog!A165 -> 159 | B162: =ShowContinuousLog!B165 -> 11 | C162: =ShowContinuousLog!C165 -> C11 | D162: =ShowContinuousLog!D165 -> 1 | E162: =ShowContinuousLog!E165 -> N | F162: =ShowContinuousLog!F165 -> 0 | G162: =ShowContinuousLog!G165 -> Female Giant | H162: =ShowContinuousLog!H165 -> Dodi Sunjaya | J162: =ShowContinuousLog!J165 -> 0 | K162: =ShowContinuousLog!K165 -> 0
A163: =ShowContinuousLog!A166 -> 160 | B163: =ShowContinuousLog!B166 -> 12 | C163: =ShowContinuousLog!C166 -> E2 | D163: =ShowContinuousLog!D166 -> 1A | E163: =ShowContinuousLog!E166 -> N | F163: =ShowContinuousLog!F166 -> 0 | G163: =ShowContinuousLog!G166 -> wild betta pair mouthbrooder | H163: =ShowContinuousLog!H166 -> Dodi Sunjaya | J163: =ShowContinuousLog!J166 -> 0 | K163: =ShowContinuousLog!K166 -> 0
... A208: =ShowContinuousLog!A211 -> 0 | B208: =ShowContinuousLog!B211 -> 0 | C208: =ShowContinuousLog!C211 -> 0 | D208: =ShowContinuousLog!D211 -> 0 | E208: =ShowContinuousLog!E211 -> 0 | F208: =ShowContinuousLog!F211 -> 0 | G208: =ShowContinuousLog!G211 -> 0 | H208: =ShowContinuousLog!H211 -> 0 | J208: =ShowContinuousLog!J211 -> 0 | K208: =ShowContinuousLog!K211 -> 0

Sheet Class Changes
A1: =ShowContinuousLog!A1 -> "Betta Expo Internacional Primavera" "abril 2022" | E1: Class Changes
A2: Consecutive # | B2: Move from | C2: Move to | E2: Consecutive # | F2: Move from | G2: Move to
A3: 5 | B3: B14 | C3: B21 | E3: 98 | F3: B1 | G3: B14
A4: 18 | B4: B7 | C4: B6 | E4: 99 | F4: B14 | G4: B17
A5: 40 | B5: CH | C5: B9 | E5: 101 | F5: B18 | G5: B1
A6: 48 | B6: A12 | C6: A11 | E6: 106 | F6: B23 | G6: B19
A7: 49 | B7: A17 | C7: A16 | E7: 116 | F7: B18 | G7: C6
A8: 50 | B8: A17 | C8: A16 | E8: 117 | F8: B18 | G8: B6
A9: 64 | B9: B3 | C9: B6 | E9: 118 | F9: A10 | G9: C6
A10: 65 | B10: B4 | C10: B3 | E10: 119 | F10: B11 | G10: B19
A11: 66 | B11: B6 | C11: B17 | E11: 120 | F11: B11 | G11: A9
A12: 67 | B12: B17 | C12: B6 | E12: 122 | F12: B18 | G12: B9
A13: 70 | B13: A21 | C13: A24 | E13: 124 | F13: B14 | G13: B19
A14: 71 | B14: A21 | C14: A24 | E14: 125 | F14: B20 | G14: B3
... A31: 97 | B31: B23 | C31: B11 | E31: 146 | F31: B3 | G31: CC5
E32: 147 | F32: B5 | G32: B7
E33: 148 | F33: B5 | G33: CC4
E34: 162 | F34: B6 | G34: B2
E35: 163 | F35: B11 | G35: B14
E36: 167 | F36: JB3 | G36: B9

Sheet AuctionOnlyFishLog
A1: =ShowContinuousLog!A1 -> "Betta Expo Internacional Primavera" "abril 2022"
A3: AO Continuous No | B3: Breeder's Fish # | C3: Auction | D3: Minimum Bid | E3: Breeder Labels & Remarks | F3: Exhibitor Name | G3: Selling Price | H3: Bidder No | I3: Selling Price | J3: Bidder No | L3: This form is for Auction Only Fish. They are supposed to be kept separate from the main show log, and can easily be copied onto the live auction log. Just don't forget about this page once you decide to use it.
A5: 44 | B5: 1 | C5: Y | D5: 10 | E5: BLUE STM #7 | F5: Siegbert Illing
A6: 45 | B6: 2 | C6: Y | D6: 10 | E6: TURQUOISE STM #941 | F6: Siegbert Illing | G6: 10 | J6: Molly
A7: 46 | B7: 3 | C7: Y | D7: 10 | E7: TURQUOISE STM #105 | F7: Siegbert Illing | G7: 10 | J7: Salvador Alemany
A8: 47 | B8: 4 | C8: Y | D8: 10 | E8: TURQUOISE STM #97 | F8: Siegbert Illing | G8: 10 | J8: Ismael Rodriguez
A9: 48 | B9: 5 | C9: Y | D9: 10 | E9: BF STM #920 | F9: Siegbert Illing | G9: 10 | J9: Ismael Rodriguez
A10: 49 | B10: 6 | C10: Y | D10: 10 | E10: BLUE STF #920 | F10: Siegbert Illing | G10: 10 | J10: Ivan Roldan
A11: 50 | B11: 7 | C11: Y | D11: 10 | E11: BLUE STF #2 | F11: Siegbert Illing | G11: 10 | J11: Ismael Rodriguez
A12: 51 | B12: 8 | C12: Y | D12: 10 | E12: STEEL BLUE STF #972 | F12: Siegbert Illing | G12: 11 | J12: Ivan Roldan
A13: 52 | B13: 9 | C13: Y | D13: 10 | E13: TURQUOISE STF #948 | F13: Siegbert Illing | G13: 10 | J13: Molly
A14: 53 | B14: 10 | C14: Y | D14: 10 | E14: TURQUOISE STF #954 | F14: Siegbert Illing
A15: 54 | B15: 11 | C15: Y | D15: 10 | E15: TURQUOISE STF #942 | F15: Siegbert Illing | G15: 10 | J15: Salvador Alemany
A16: 55 | B16: 12 | C16: Y | D16: 10 | E16: PINEAPPLE PK MALE #889 | F16: Siegbert Illing
A17: 56 | B17: 13 | C17: Y | D17: 10 | E17: PINEAPPLE PK MALE #895 | F17: Siegbert Illing. ( was DQ)
A18: 57 | B18: 14 | C18: Y | D18: 6 | E18: TRADITIONAL RED PK MALE #51 | F18: Siegbert Illing
A19: 58 | B19: 15 | C19: Y | D19: 6 | E19: TRADITIONAL RED PK MALE #55 | F19: Siegbert Illing
A20: 59 | B20: 16 | C20: Y | D20: 10 | E20: DTM #977 | F20: Siegbert Illing | G20: 10 | J20: Ivan Roldan
A21: 60 | B21: 17 | C21: Y | D21: 6 | E21: DTF #40 | F21: Siegbert Illing | G21: 6 | J21: Salvador Alemany
A22: 61 | B22: 18 | C22: Y | D22: 6 | E22: ROSETAIL 31 | F22: Siegbert Illing
A23: 62 | B23: 19 | C23: Y | D23: 12P | E23: METALLIC GREEN STM #113 PAIR | F23: Siegbert Illing
A24: 63 | B24: 20 | C24: Y | D24: 12P | E24: METALLIC GREEN STF #120 PAIR | F24: Siegbert Illing | G24: 12 | J24: Ismael Rodriguez
A25: 64 | B25: 1 | C25: Y | D25: 15 | E25: White Show PKM | F25: Jaqueline Gray
A26: 65 | B26: 2 | C26: Y | D26: 15 | E26: Pastel Blue and White Show PKM | F26: Jaqueline Gray | G26: 15 | J26: Ivan Roldan
A27: 66 | B27: 3 | C27: Y | D27: 15 | E27: Pastel Green Grizzle Show PKM | F27: Jaqueline Gray
A28: 67 | B28: 4 | C28: Y | D28: 10 | E28: Pastel Blue Show PKF | F28: Jaqueline Gray | G28: 10 | J28: Molly
A29: 68 | B29: 5 | C29: Y | D29: 10 | E29: White Show PKF | F29: Jaqueline Gray
A30: 69 | B30: 6 | C30: Y | D30: 10 | E30: White Show PKF | F30: Jaqueline Gray | G30: 10 | J30: Ivan Roldan
A31: 70 | B31: 7 | C31: Y | D31: 10 | E31: Black Copper Marble HM STF | F31: Jaqueline Gray | G31: 10 | J31: Ivan Roldan
A32: 71 | B32: 8 | C32: Y | D32: 10 | E32: Red Copper Marble HM STF | F32: Jaqueline Gray | G32: 10 | J32: Ivan Roldan
A33: 72 | B33: 9 | C33: Y | D33: 10 | E33: Red Copper Marble HM STF | F33: Jaqueline Gray | G33: 10 | J33: Ivan Roldan
A34: 73 | B34: 10 | C34: Y | D34: 10 | E34: Black/Platinum Dragon HM STF | F34: Jaqueline Gray | G34: 10 | J34: Ismael Rodriguez

Sheet LiveAuctionLog
A1: =ShowContinuousLog!A1 -> "Betta Expo Internacional Primavera" "abril 2022"
A3: Continuous No | B3: Class No | C3: Auction Y/ | E3: Breeder Labels & Remarks | F3: Exhibitor Name | I3: Selling Price | J3: Bidder No
D4: Min Bid | G4: Place | H4: BOV/BOS
A90: 500 | C90: Y | D90: 5 | E90: CT: Multicolor dark red fin male | F90: Christina Aylward | I90: NS
A91: 501 | C91: Y | D91: 5 | E91: CT: Multicolor dark red fin female | F91: Christina Aylward | I91: NS
A92: 502 | C92: Y | D92: 5 | E92: CT: Black Body, red and clear fin female | F92: Christina Aylward | I92: NS
A93: 503 | C93: Y | D93: 5 | E93: CT: Bi color red fin female | F93: Christina Aylward | I93: NS
A94: 504 | C94: Y | D94: 5 | E94: CT: Multicolor female | F94: Christina Aylward | I94: 5 | J94: 7
A95: 505 | C95: Y | D95: 5 | E95: CT: Bi Color dark blue iridescent female | F95: Christina Aylward | I95: NS
A96: 506 | C96: Y | D96: 5 | E96: CT: Black Body red finned female | F96: Christina Aylward | I96: NS
A97: 507 | C97: Y | D97: 5 | E97: CT: Bi color blue iridescent female | F97: Christina Aylward | I97: NS
A98: 508 | C98: Y | D98: 5 | E98: CT: Mutlicolor with blue iridescent female | F98: Christina Aylward | I98: 5 | J98: 19
A99: 509 | E99: DOA | F99: Rachel Waugh
A100: 510 | E100: DOA | F100: Rachel Waugh
A101: 511 | C101: Y | D101: 5 | E101: Male marble pk | F101: Jen Cannon | I101: NS
A102: 512 | C102: Y | D102: 15 | E102: Betta Unimaculata Female | F102: Ivey Redd | I102: NS
A103: 513 | C103: Y | D103: 5 | E103: HMPK Male | F103: Ivey Redd | I103: 1 | J103: 10
A104: 514 | C104: Y | D104: 10 | E104: Dumbo HM Female (won 2nd May ABC Show) | F104: Ivey Redd | I104: NS
A105: 515 | C105: Y | D105: 5 | E105: HMPK Female | F105: Ivey Redd | I105: NS
A106: 516 | C106: Y | D106: 5 | E106: HMPK Female | F106: Ivey Redd | I106: NS
A107: 517 | C107: Y | D107: 5 | E107: Cellophane HMPK Male | F107: Ivey Redd | I107: NS
A108: 518 | C108: Y | D108: 5 | E108: HMPK Female | F108: Ivey Redd | I108: NS
A109: 519 | C109: Y | D109: 7 | E109: Cellophane Male | F109: Ivey Redd | I109: NS
A110: 520 | C110: Y | D110: 5 | E110: Female | F110: Ivey Redd | I110: NS
A111: 521 | C111: Y | D111: 5 | E111: Female | F111: Ivey Redd | I111: NS
A112: 522 | C112: Y | D112: 10 | E112: HM Male | F112: Ivey Redd | I112: NS
A113: 523 | C113: Y | D113: 5 | E113: Red Plakat Female | F113: Heidi and Andrew Burkle | I113: 25 | J113: 19
A114: 524 | C114: Y | D114: 5 | E114: Red Plakat Female | F114: Heidi and Andrew Burkle | I114: 5 | J114: 7
A115: 525 | C115: Y | D115: 5 | E115: Red Plakat Female | F115: Heidi and Andrew Burkle | I115: 5 | J115: 7
A116: 526 | C116: Y | D116: 5 | E116: Red Plakat Female | F116: Heidi and Andrew Burkle | I116: 5 | J116: 10
A117: 527 | C117: Y | D117: 10P | E117: Betta Balunga Pair | F117: Heidi and Andrew Burkle | I117: NS
A118: 528 | C118: Y | D118: 10P | E118: Betta Balunga Pair | F118: Heidi and Andrew Burkle | I118: NS
A119: 529 | C119: Y | D119: 10P | E119: Betta Albimarginata Pair | F119: Heidi and Andrew Burkle | I119: 10 | J119: 19
A120: 530 | C120: Y | D120: 10P | E120: Betta Albimarginata Pair | F120: Heidi and Andrew Burkle | I120: 0 | J120: 19

Sheet  Financials
A3: Breeder Name | B3: IBC Member? | C3: Notes & Requests | D3: Phone | E3: Address | F3: Email Address | G3: Total Paid Monies | H3: Method of Payment | I3: # Single Fish Entries | J3: # Art Entries | K3: # Fish Pair Entries | L3: Other Cash Table Items | M3: Return Postage Paid | N3: # Entries for Auction | O3: # Auction Only Fish | P3: Total $ Sold Entries | Q3: Total $ Sold Auction Only Fish | R3: Total $ Breeder Cup | S3: Sold Cash Table | T3: Club Cost Return Postage | U3: Tracking Number | V3: Entry Fees Owed | W3: Total Entries | X3: Total Fish Entered | Y3: Amount Due Exhibitor | AA3: ABC Club Sales Split Total
V5: =IF(B5="Y",(I5*Lists!$F$3+K5*Lists!$F$4+J5*Lists!$F$3),(I5*Lists!$F$5+K5*Lists!$F$6+J5*Lists!$F$5)) -> 0 | W5: =I5+K5 -> 0 | X5: =I5+K5*2 -> 0 | Y5: =G5-V5-T5+P5*Lists!$F$9+Q5*Lists!$F$10+S5*Lists!$F$11+R5*Lists!$F$8 -> 0 | AA5: =P5*Lists!$G$9+Q5*Lists!$G$10+R5*Lists!$G$8+S5*Lists!$G$11 -> 0 | AC5: Number of Exhibitors = | AD5: =A42 -> 0 | AF5: Account Totals Prior To Show:
V6: =IF(B6="Y",(I6*Lists!$F$3+K6*Lists!$F$4+J6*Lists!$F$3),(I6*Lists!$F$5+K6*Lists!$F$6+J6*Lists!$F$5)) -> 0 | W6: =I6+K6 -> 0 | X6: =I6+K6*2 -> 0 | Y6: =G6-V6-T6+P6*Lists!$F$9+Q6*Lists!$F$10+S6*Lists!$F$11+R6*Lists!$F$8 -> 0 | AA6: =P6*Lists!$G$9+Q6*Lists!$G$10+R6*Lists!$G$8+S6*Lists!$G$11 -> 0 | AC6: Number of Show Entries = | AD6: =W42 -> 0 | AF6: Bank
V7: =IF(B7="Y",(I7*Lists!$F$3+K7*Lists!$F$4+J7*Lists!$F$3),(I7*Lists!$F$5+K7*Lists!$F$6+J7*Lists!$F$5)) -> 0 | W7: =I7+K7 -> 0 | X7: =I7+K7*2 -> 0 | Y7: =G7-V7-T7+P7*Lists!$F$9+Q7*Lists!$F$10+S7*Lists!$F$11+R7*Lists!$F$8 -> 0 | AA7: =P7*Lists!$G$9+Q7*Lists!$G$10+R7*Lists!$G$8+S7*Lists!$G$11 -> 0 | AC7: Number of Show Fish = | AD7: =X42 -> 0 | AF7: Cash Drawer
V8: =IF(B8="Y",(I8*Lists!$F$3+K8*Lists!$F$4+J8*Lists!$F$3),(I8*Lists!$F$5+K8*Lists!$F$6+J8*Lists!$F$5)) -> 0 | W8: =I8+K8 -> 0 | X8: =I8+K8*2 -> 0 | Y8: =G8-V8-T8+P8*Lists!$F$9+Q8*Lists!$F$10+S8*Lists!$F$11+R8*Lists!$F$8 -> 0 | AA8: =P8*Lists!$G$9+Q8*Lists!$G$10+R8*Lists!$G$8+S8*Lists!$G$11 -> 0 | AF8: PayPal
V9: =IF(B9="Y",(I9*Lists!$F$3+K9*Lists!$F$4+J9*Lists!$F$3),(I9*Lists!$F$5+K9*Lists!$F$6+J9*Lists!$F$5)) -> 0 | W9: =I9+K9 -> 0 | X9: =I9+K9*2 -> 0 | Y9: =G9-V9-T9+P9*Lists!$F$9+Q9*Lists!$F$10+S9*Lists!$F$11+R9*Lists!$F$8 -> 0 | AA9: =P9*Lists!$G$9+Q9*Lists!$G$10+R9*Lists!$G$8+S9*Lists!$G$11 -> 0 | AC9: Number of Show Fish in Auction = | AD9: =N42 -> 0 | AG9: =SUM(AG6:AG8) -> 0
V10: =IF(B10="Y",(I10*Lists!$F$3+K10*Lists!$F$4+J10*Lists!$F$3),(I10*Lists!$F$5+K10*Lists!$F$6+J10*Lists!$F$5)) -> 0 | W10: =I10+K10 -> 0 | X10: =I10+K10*2 -> 0 | Y10: =G10-V10-T10+P10*Lists!$F$9+Q10*Lists!$F$10+S10*Lists!$F$11+R10*Lists!$F$8 -> 0 | AA10: =P10*Lists!$G$9+Q10*Lists!$G$10+R10*Lists!$G$8+S10*Lists!$G$11 -> 0 | AC10: Number of Auction Only Fish = | AD10: =O42 -> 0
V11: =IF(B11="Y",(I11*Lists!$F$3+K11*Lists!$F$4+J11*Lists!$F$3),(I11*Lists!$F$5+K11*Lists!$F$6+J11*Lists!$F$5)) -> 0 | W11: =I11+K11 -> 0 | X11: =I11+K11*2 -> 0 | Y11: =G11-V11-T11+P11*Lists!$F$9+Q11*Lists!$F$10+S11*Lists!$F$11+R11*Lists!$F$8 -> 0 | AA11: =P11*Lists!$G$9+Q11*Lists!$G$10+R11*Lists!$G$8+S11*Lists!$G$11 -> 0 | AC11: Total Number of Fish in Auction = | AD11: =AD9+AD10 -> 0 | AF11: Account Totals After Show Before Expenditures:
V12: =IF(B12="Y",(I12*Lists!$F$3+K12*Lists!$F$4+J12*Lists!$F$3),(I12*Lists!$F$5+K12*Lists!$F$6+J12*Lists!$F$5)) -> 0 | W12: =I12+K12 -> 0 | X12: =I12+K12*2 -> 0 | Y12: =G12-V12-T12+P12*Lists!$F$9+Q12*Lists!$F$10+S12*Lists!$F$11+R12*Lists!$F$8 -> 0 | AA12: =P12*Lists!$G$9+Q12*Lists!$G$10+R12*Lists!$G$8+S12*Lists!$G$11 -> 0 | AF12: Bank
V13: =IF(B13="Y",(I13*Lists!$F$3+K13*Lists!$F$4+J13*Lists!$F$3),(I13*Lists!$F$5+K13*Lists!$F$6+J13*Lists!$F$5)) -> 0 | W13: =I13+K13 -> 0 | X13: =I13+K13*2 -> 0 | Y13: =G13-V13-T13+P13*Lists!$F$9+Q13*Lists!$F$10+S13*Lists!$F$11+R13*Lists!$F$8 -> 0 | AA13: =P13*Lists!$G$9+Q13*Lists!$G$10+R13*Lists!$G$8+S13*Lists!$G$11 -> 0 | AC13: Other Show Expenses | AF13: Cash Drawer
V14: =IF(B14="Y",(I14*Lists!$F$3+K14*Lists!$F$4+J14*Lists!$F$3),(I14*Lists!$F$5+K14*Lists!$F$6+J14*Lists!$F$5)) -> 0 | W14: =I14+K14 -> 0 | X14: =I14+K14*2 -> 0 | Y14: =G14-V14-T14+P14*Lists!$F$9+Q14*Lists!$F$10+S14*Lists!$F$11+R14*Lists!$F$8 -> 0 | AA14: =P14*Lists!$G$9+Q14*Lists!$G$10+R14*Lists!$G$8+S14*Lists!$G$11 -> 0 | AC14: $25 Fee for Show Date = | AD14: 25 | AF14: PayPal
V15: =IF(B15="Y",(I15*Lists!$F$3+K15*Lists!$F$4+J15*Lists!$F$3),(I15*Lists!$F$5+K15*Lists!$F$6+J15*Lists!$F$5)) -> 0 | W15: =I15+K15 -> 0 | X15: =I15+K15*2 -> 0 | Y15: =G15-V15-T15+P15*Lists!$F$9+Q15*Lists!$F$10+S15*Lists!$F$11+R15*Lists!$F$8 -> 0 | AA15: =P15*Lists!$G$9+Q15*Lists!$G$10+R15*Lists!$G$8+S15*Lists!$G$11 -> 0 | AC15: Show Room Fee = | AD15: 0 | AG15: =SUM(AG12:AG14) -> 0
V16: =IF(B16="Y",(I16*Lists!$F$3+K16*Lists!$F$4+J16*Lists!$F$3),(I16*Lists!$F$5+K16*Lists!$F$6+J16*Lists!$F$5)) -> 0 | W16: =I16+K16 -> 0 | X16: =I16+K16*2 -> 0 | Y16: =G16-V16-T16+P16*Lists!$F$9+Q16*Lists!$F$10+S16*Lists!$F$11+R16*Lists!$F$8 -> 0 | AA16: =P16*Lists!$G$9+Q16*Lists!$G$10+R16*Lists!$G$8+S16*Lists!$G$11 -> 0 | AC16: Travel Expenses for Judge = | AD16: 0
V17: =IF(B17="Y",(I17*Lists!$F$3+K17*Lists!$F$4+J17*Lists!$F$3),(I17*Lists!$F$5+K17*Lists!$F$6+J17*Lists!$F$5)) -> 0 | W17: =I17+K17 -> 0 | X17: =I17+K17*2 -> 0 | Y17: =G17-V17-T17+P17*Lists!$F$9+Q17*Lists!$F$10+S17*Lists!$F$11+R17*Lists!$F$8 -> 0 | AA17: =P17*Lists!$G$9+Q17*Lists!$G$10+R17*Lists!$G$8+S17*Lists!$G$11 -> 0 | AC17: Room Expenses for Judge = | AD17: 0 | AF17: Difference in Total Accounts Before & After Show | AG17: =AG15-AG9 -> 0
V18: =IF(B18="Y",(I18*Lists!$F$3+K18*Lists!$F$4+J18*Lists!$F$3),(I18*Lists!$F$5+K18*Lists!$F$6+J18*Lists!$F$5)) -> 0 | W18: =I18+K18 -> 0 | X18: =I18+K18*2 -> 0 | Y18: =G18-V18-T18+P18*Lists!$F$9+Q18*Lists!$F$10+S18*Lists!$F$11+R18*Lists!$F$8 -> 0 | AA18: =P18*Lists!$G$9+Q18*Lists!$G$10+R18*Lists!$G$8+S18*Lists!$G$11 -> 0 | AC18: Food Expenses for Judge = | AD18: 0
V19: =IF(B19="Y",(I19*Lists!$F$3+K19*Lists!$F$4+J19*Lists!$F$3),(I19*Lists!$F$5+K19*Lists!$F$6+J19*Lists!$F$5)) -> 0 | W19: =I19+K19 -> 0 | X19: =I19+K19*2 -> 0 | Y19: =G19-V19-T19+P19*Lists!$F$9+Q19*Lists!$F$10+S19*Lists!$F$11+R19*Lists!$F$8 -> 0 | AA19: =P19*Lists!$G$9+Q19*Lists!$G$10+R19*Lists!$G$8+S19*Lists!$G$11 -> 0 | AF19: Expected Income Total | AG19: =AA42+V42+AE33 -> 0
V20: =IF(B20="Y",(I20*Lists!$F$3+K20*Lists!$F$4+J20*Lists!$F$3),(I20*Lists!$F$5+K20*Lists!$F$6+J20*Lists!$F$5)) -> 0 | W20: =I20+K20 -> 0 | X20: =I20+K20*2 -> 0 | Y20: =G20-V20-T20+P20*Lists!$F$9+Q20*Lists!$F$10+S20*Lists!$F$11+R20*Lists!$F$8 -> 0 | AA20: =P20*Lists!$G$9+Q20*Lists!$G$10+R20*Lists!$G$8+S20*Lists!$G$11 -> 0 | AF20: Expected Expense Total | AG20: =AD28 -> 25
V21: =IF(B21="Y",(I21*Lists!$F$3+K21*Lists!$F$4+J21*Lists!$F$3),(I21*Lists!$F$5+K21*Lists!$F$6+J21*Lists!$F$5)) -> 0 | W21: =I21+K21 -> 0 | X21: =I21+K21*2 -> 0 | Y21: =G21-V21-T21+P21*Lists!$F$9+Q21*Lists!$F$10+S21*Lists!$F$11+R21*Lists!$F$8 -> 0 | AA21: =P21*Lists!$G$9+Q21*Lists!$G$10+R21*Lists!$G$8+S21*Lists!$G$11 -> 0 | AC21: Awards = | AD21: 0 | AF21: Net Profit | AG21: =AG19-AG20 -> -25
V22: =IF(B22="Y",(I22*Lists!$F$3+K22*Lists!$F$4+J22*Lists!$F$3),(I22*Lists!$F$5+K22*Lists!$F$6+J22*Lists!$F$5)) -> 0 | W22: =I22+K22 -> 0 | X22: =I22+K22*2 -> 0 | Y22: =G22-V22-T22+P22*Lists!$F$9+Q22*Lists!$F$10+S22*Lists!$F$11+R22*Lists!$F$8 -> 0 | AA22: =P22*Lists!$G$9+Q22*Lists!$G$10+R22*Lists!$G$8+S22*Lists!$G$11 -> 0 | AC22: Miscellaneous Postage = | AD22: 0
V23: =IF(B23="Y",(I23*Lists!$F$3+K23*Lists!$F$4+J23*Lists!$F$3),(I23*Lists!$F$5+K23*Lists!$F$6+J23*Lists!$F$5)) -> 0 | W23: =I23+K23 -> 0 | X23: =I23+K23*2 -> 0 | Y23: =G23-V23-T23+P23*Lists!$F$9+Q23*Lists!$F$10+S23*Lists!$F$11+R23*Lists!$F$8 -> 0 | AA23: =P23*Lists!$G$9+Q23*Lists!$G$10+R23*Lists!$G$8+S23*Lists!$G$11 -> 0 | AC23: ? = | AD23: 0
V24: =IF(B24="Y",(I24*Lists!$F$3+K24*Lists!$F$4+J24*Lists!$F$3),(I24*Lists!$F$5+K24*Lists!$F$6+J24*Lists!$F$5)) -> 0 | W24: =I24+K24 -> 0 | X24: =I24+K24*2 -> 0 | Y24: =G24-V24-T24+P24*Lists!$F$9+Q24*Lists!$F$10+S24*Lists!$F$11+R24*Lists!$F$8 -> 0 | AA24: =P24*Lists!$G$9+Q24*Lists!$G$10+R24*Lists!$G$8+S24*Lists!$G$11 -> 0 | AC24: ? = | AD24: 0
V25: =IF(B25="Y",(I25*Lists!$F$3+K25*Lists!$F$4+J25*Lists!$F$3),(I25*Lists!$F$5+K25*Lists!$F$6+J25*Lists!$F$5)) -> 0 | W25: =I25+K25 -> 0 | X25: =I25+K25*2 -> 0 | Y25: =G25-V25-T25+P25*Lists!$F$9+Q25*Lists!$F$10+S25*Lists!$F$11+R25*Lists!$F$8 -> 0 | AA25: =P25*Lists!$G$9+Q25*Lists!$G$10+R25*Lists!$G$8+S25*Lists!$G$11 -> 0 | AC25: ? = | AD25: 0
V26: =IF(B26="Y",(I26*Lists!$F$3+K26*Lists!$F$4+J26*Lists!$F$3),(I26*Lists!$F$5+K26*Lists!$F$6+J26*Lists!$F$5)) -> 0 | W26: =I26+K26 -> 0 | X26: =I26+K26*2 -> 0 | Y26: =G26-V26-T26+P26*Lists!$F$9+Q26*Lists!$F$10+S26*Lists!$F$11+R26*Lists!$F$8 -> 0 | AA26: =P26*Lists!$G$9+Q26*Lists!$G$10+R26*Lists!$G$8+S26*Lists!$G$11 -> 0 | AC26: Miscellaneous (Food/Drink) = | AD26: 0
V27: =IF(B27="Y",(I27*Lists!$F$3+K27*Lists!$F$4+J27*Lists!$F$3),(I27*Lists!$F$5+K27*Lists!$F$6+J27*Lists!$F$5)) -> 0 | W27: =I27+K27 -> 0 | X27: =I27+K27*2 -> 0 | Y27: =G27-V27-T27+P27*Lists!$F$9+Q27*Lists!$F$10+S27*Lists!$F$11+R27*Lists!$F$8 -> 0 | AA27: =P27*Lists!$G$9+Q27*Lists!$G$10+R27*Lists!$G$8+S27*Lists!$G$11 -> 0 | AC27: Misc. (Computer Supplies) = | AD27: 0
V28: =IF(B28="Y",(I28*Lists!$F$3+K28*Lists!$F$4+J28*Lists!$F$3),(I28*Lists!$F$5+K28*Lists!$F$6+J28*Lists!$F$5)) -> 0 | W28: =I28+K28 -> 0 | X28: =I28+K28*2 -> 0 | Y28: =G28-V28-T28+P28*Lists!$F$9+Q28*Lists!$F$10+S28*Lists!$F$11+R28*Lists!$F$8 -> 0 | AA28: =P28*Lists!$G$9+Q28*Lists!$G$10+R28*Lists!$G$8+S28*Lists!$G$11 -> 0 | AC28: Total Show Expenses = | AD28: =SUM(AD14:AD27) -> 25
V29: =IF(B29="Y",(I29*Lists!$F$3+K29*Lists!$F$4+J29*Lists!$F$3),(I29*Lists!$F$5+K29*Lists!$F$6+J29*Lists!$F$5)) -> 0 | W29: =I29+K29 -> 0 | X29: =I29+K29*2 -> 0 | Y29: =G29-V29-T29+P29*Lists!$F$9+Q29*Lists!$F$10+S29*Lists!$F$11+R29*Lists!$F$8 -> 0 | AA29: =P29*Lists!$G$9+Q29*Lists!$G$10+R29*Lists!$G$8+S29*Lists!$G$11 -> 0
V30: =IF(B30="Y",(I30*Lists!$F$3+K30*Lists!$F$4+J30*Lists!$F$3),(I30*Lists!$F$5+K30*Lists!$F$6+J30*Lists!$F$5)) -> 0 | W30: =I30+K30 -> 0 | X30: =I30+K30*2 -> 0 | Y30: =G30-V30-T30+P30*Lists!$F$9+Q30*Lists!$F$10+S30*Lists!$F$11+R30*Lists!$F$8 -> 0 | AA30: =P30*Lists!$G$9+Q30*Lists!$G$10+R30*Lists!$G$8+S30*Lists!$G$11 -> 0 | AC30: $1 Raffle Tickets | AE30: 0
V31: =IF(B31="Y",(I31*Lists!$F$3+K31*Lists!$F$4+J31*Lists!$F$3),(I31*Lists!$F$5+K31*Lists!$F$6+J31*Lists!$F$5)) -> 0 | W31: =I31+K31 -> 0 | X31: =I31+K31*2 -> 0 | Y31: =G31-V31-T31+P31*Lists!$F$9+Q31*Lists!$F$10+S31*Lists!$F$11+R31*Lists!$F$8 -> 0 | AA31: =P31*Lists!$G$9+Q31*Lists!$G$10+R31*Lists!$G$8+S31*Lists!$G$11 -> 0 | AC31: $5 Raffle Tickets | AE31: 0
V32: =IF(B32="Y",(I32*Lists!$F$3+K32*Lists!$F$4+J32*Lists!$F$3),(I32*Lists!$F$5+K32*Lists!$F$6+J32*Lists!$F$5)) -> 0 | W32: =I32+K32 -> 0 | X32: =I32+K32*2 -> 0 | Y32: =G32-V32-T32+P32*Lists!$F$9+Q32*Lists!$F$10+S32*Lists!$F$11+R32*Lists!$F$8 -> 0 | AA32: =P32*Lists!$G$9+Q32*Lists!$G$10+R32*Lists!$G$8+S32*Lists!$G$11 -> 0 | AC32: Cash Table (Club Donations) | AE32: 0
V33: =IF(B33="Y",(I33*Lists!$F$3+K33*Lists!$F$4+J33*Lists!$F$3),(I33*Lists!$F$5+K33*Lists!$F$6+J33*Lists!$F$5)) -> 0 | W33: =I33+K33 -> 0 | X33: =I33+K33*2 -> 0 | Y33: =G33-V33-T33+P33*Lists!$F$9+Q33*Lists!$F$10+S33*Lists!$F$11+R33*Lists!$F$8 -> 0 | AA33: =P33*Lists!$G$9+Q33*Lists!$G$10+R33*Lists!$G$8+S33*Lists!$G$11 -> 0 | AC33: Total Raffle/Other Income | AE33: =SUM(AE30:AE32) -> 0
V34: =IF(B34="Y",(I34*Lists!$F$3+K34*Lists!$F$4+J34*Lists!$F$3),(I34*Lists!$F$5+K34*Lists!$F$6+J34*Lists!$F$5)) -> 0 | W34: =I34+K34 -> 0 | X34: =I34+K34*2 -> 0 | Y34: =G34-V34-T34+P34*Lists!$F$9+Q34*Lists!$F$10+S34*Lists!$F$11+R34*Lists!$F$8 -> 0 | AA34: =P34*Lists!$G$9+Q34*Lists!$G$10+R34*Lists!$G$8+S34*Lists!$G$11 -> 0
V35: =IF(B35="Y",(I35*Lists!$F$3+K35*Lists!$F$4+J35*Lists!$F$3),(I35*Lists!$F$5+K35*Lists!$F$6+J35*Lists!$F$5)) -> 0 | W35: =I35+K35 -> 0 | X35: =I35+K35*2 -> 0 | Y35: =G35-V35-T35+P35*Lists!$F$9+Q35*Lists!$F$10+S35*Lists!$F$11+R35*Lists!$F$8 -> 0 | AA35: =P35*Lists!$G$9+Q35*Lists!$G$10+R35*Lists!$G$8+S35*Lists!$G$11 -> 0
V36: =IF(B36="Y",(I36*Lists!$F$3+K36*Lists!$F$4+J36*Lists!$F$3),(I36*Lists!$F$5+K36*Lists!$F$6+J36*Lists!$F$5)) -> 0 | W36: =I36+K36 -> 0 | X36: =I36+K36*2 -> 0 | Y36: =G36-V36-T36+P36*Lists!$F$9+Q36*Lists!$F$10+S36*Lists!$F$11+R36*Lists!$F$8 -> 0 | AA36: =P36*Lists!$G$9+Q36*Lists!$G$10+R36*Lists!$G$8+S36*Lists!$G$11 -> 0
V37: =IF(B37="Y",(I37*Lists!$F$3+K37*Lists!$F$4+J37*Lists!$F$3),(I37*Lists!$F$5+K37*Lists!$F$6+J37*Lists!$F$5)) -> 0 | W37: =I37+K37 -> 0 | X37: =I37+K37*2 -> 0 | Y37: =G37-V37-T37+P37*Lists!$F$9+Q37*Lists!$F$10+S37*Lists!$F$11+R37*Lists!$F$8 -> 0 | AA37: =P37*Lists!$G$9+Q37*Lists!$G$10+R37*Lists!$G$8+S37*Lists!$G$11 -> 0
V38: =IF(B38="Y",(I38*Lists!$F$3+K38*Lists!$F$4+J38*Lists!$F$3),(I38*Lists!$F$5+K38*Lists!$F$6+J38*Lists!$F$5)) -> 0 | W38: =I38+K38 -> 0 | X38: =I38+K38*2 -> 0 | Y38: =G38-V38-T38+P38*Lists!$F$9+Q38*Lists!$F$10+S38*Lists!$F$11+R38*Lists!$F$8 -> 0 | AA38: =P38*Lists!$G$9+Q38*Lists!$G$10+R38*Lists!$G$8+S38*Lists!$G$11 -> 0
V39: =IF(B39="Y",(I39*Lists!$F$3+K39*Lists!$F$4+J39*Lists!$F$3),(I39*Lists!$F$5+K39*Lists!$F$6+J39*Lists!$F$5)) -> 0 | W39: =I39+K39 -> 0 | X39: =I39+K39*2 -> 0 | Y39: =G39-V39-T39+P39*Lists!$F$9+Q39*Lists!$F$10+S39*Lists!$F$11+R39*Lists!$F$8 -> 0 | AA39: =P39*Lists!$G$9+Q39*Lists!$G$10+R39*Lists!$G$8+S39*Lists!$G$11 -> 0
V40: =IF(B40="Y",(I40*Lists!$F$3+K40*Lists!$F$4+J40*Lists!$F$3),(I40*Lists!$F$5+K40*Lists!$F$6+J40*Lists!$F$5)) -> 0 | W40: =I40+K40 -> 0 | X40: =I40+K40*2 -> 0 | Y40: =G40-V40-T40+P40*Lists!$F$9+Q40*Lists!$F$10+S40*Lists!$F$11+R40*Lists!$F$8 -> 0 | AA40: =P40*Lists!$G$9+Q40*Lists!$G$10+R40*Lists!$G$8+S40*Lists!$G$11 -> 0
A42: =COUNTA(A5:A40) -> 0 | B42: --- | D42: --- | E42: --- | F42: --- | G42: =SUM(G5:G40) -> 0 | H42: --- | I42: =SUM(I5:I40) -> 0 | K42: =SUM(K5:K40) -> 0 | L42: --- | M42: --- | N42: =SUM(N5:N40) -> 0 | O42: =SUM(O5:O40) -> 0 | P42: =SUM(P5:P40) -> 0 | Q42: =SUM(Q5:Q40) -> 0 | R42: =SUM(R5:R40) -> 0 | S42: =SUM(S5:S40) -> 0 | T42: --- | V42: =SUM(V5:V40) -> 0 | W42: =SUM(W5:W40) -> 0 | X42: =SUM(X5:X40) -> 0 | Y42: =-SUM(Y5:Y40) -> 0 | AA42: =SUM(AA5:AA40) -> 0
G43: Total Paid Monies | H43: Method of Payment | I43: # Single Fish Entries | K43: # Fish Pair Entries | L43: Other Cash Table Items | M43: Return Postage Paid | N43: # Entries for Auction | O43: # Auction Only Fish | P43: Total $ Sold Fish Entries | Q43: Total $ Sold Auction Only Fish | R43: Total $ Breeder Cup | S43: Sold Cash Table | T43: Club Cost Return Postage | V43: Entry Fees Owed | W43: Total Entries | X43: Total Fish Entered | Y43: Amount Due Exhibitor | AA43: ABC Club Sales Split Total
A129: NB2 | D129: NB3 | E129: NB4 | F129: NB5 | G129: NB7 | I129: NB8 | K129: NB9 | M129: NB10 | O129: JB1 | P129: JB2 | Q129: JB3 | R129: JB5 | S129: JB4 | T129: JB6 | V129: AC2 | W129: AC3 | X129: AC4
A130: 1 | D130: 1 | E130: 1 | F130: 1 | G130: 1 | I130: 1 | M130: 1 | O130: 1 | P130: 1 | R130: 1 | T130: 1
A131: 2 | D131: 2 | E131: 2 | F131: 2 | G131: 2 | I131: 2 | M131: 2 | O131: 2 | R131: 2
A132: 3 | D132: 3 | E132: 3 | F132: 3 | G132: 3 | I132: 3 | M132: 3 | O132: 3
A133: 4 | D133: 4 | E133: 4 | F133: 4 | G133: 4 | I133: 4 | M133: 4 | O133: 4
A134: 5 | D134: 5 | E134: 5 | F134: 5 | G134: 5 | I134: 5 | M134: 5 | O134: 5
A135: 6 | D135: 6 | E135: 6 | F135: 6 | M135: 6 | O135: 6
A136: 7 | D136: 7 | E136: 7 | F136: 7 | M136: 7 | O136: 7
A137: 8 | D137: 8 | E137: 8 | F137: 8 | M137: 8 | O137: 8
A138: 9 | D138: 9 | E138: 9 | F138: 9 | M138: 9
A139: 10 | D139: 10 | F139: 10 | M139: 10
A140: 11 | D140: 11 | F140: 11 | M140: 11
A141: 12 | D141: 12 | F141: 12 | M141: 12
A142: 13 | D142: 13 | F142: 13 | M142: 13
A143: 14 | D143: 14 | F143: 14 | M143: 14
A144: 15 | D144: 15 | F144: 15 | M144: 15
D145: 16 | M145: 16
D146: 17
D147: 18
A156: BOS | E156: RBOS | G156: NB BOS | K156: NB RBOS | O156: M | P156: A BOV
P157: A RBOV
O158: F | P158: A BOV
P159: A RBOV
O161: M | P161: C BOV
A162: CC BOS | E162: CC RBOS | P162: C RBOV
O163: F | P163: C BOV
P164: C RBOV

Sheet BeanieLabels (5 Count)
A1: This file is set up to print your Beannie Baby labels. When you have assigned your Class and Entry numbers to your Consecutive numbers on the 'Show Information' sheet they will appear on this sheet automatically. The middle cell with the '|' is the marker for the corner of the Beannie Baby. Rows 1 - 3 with these directions will not be in your print range. This sheet is set up for Avery Removable File Folder labels, 5 Labels per sheet (1" x 3") #5436.
A2: These numbers are linked(with formulas)to the Show Information sheet and will populate as you enter in class and entry numbers. This sheet is currently set up for 360 entries. If you have more, you will have to add the extra lines on the Show Information sheet, add the formulas to this sheet, and adjust the print area as needed. Currently this sheet is set to print 360 labels, to adjust this you will need to adjust the print area. Or Christina Simpson and she'll expand it for you!
A3: Consecutive # | C3: Class - Entry #
A4: =IF(ShowContinuousLog!E7="N",CONCATENATE(ShowContinuousLog!A7," ",ShowContinuousLog!E7),CONCATENATE(ShowContinuousLog!A7, " ",ShowContinuousLog!E7," $",ShowContinuousLog!F7)) -> 1 N | B4: | | C4: =CONCATENATE(ShowContinuousLog!C7,"-",ShowContinuousLog!D7) -> A1-2
A5: =IF(ShowContinuousLog!E8="N",CONCATENATE(ShowContinuousLog!A8," ",ShowContinuousLog!E8),CONCATENATE(ShowContinuousLog!A8, " ",ShowContinuousLog!E8," $",ShowContinuousLog!F8)) -> 2 N | B5: | | C5: =CONCATENATE(ShowContinuousLog!C8,"-",ShowContinuousLog!D8) -> A1-3
A6: =IF(ShowContinuousLog!E9="N",CONCATENATE(ShowContinuousLog!A9," ",ShowContinuousLog!E9),CONCATENATE(ShowContinuousLog!A9, " ",ShowContinuousLog!E9," $",ShowContinuousLog!F9)) -> 3 N | B6: | | C6: =CONCATENATE(ShowContinuousLog!C9,"-",ShowContinuousLog!D9) -> A3-1
A7: =IF(ShowContinuousLog!E10="N",CONCATENATE(ShowContinuousLog!A10," ",ShowContinuousLog!E10),CONCATENATE(ShowContinuousLog!A10, " ",ShowContinuousLog!E10," $",ShowContinuousLog!F10)) -> 4 N | B7: | | C7: =CONCATENATE(ShowContinuousLog!C10,"-",ShowContinuousLog!D10) -> A10-4
A8: =IF(ShowContinuousLog!E11="N",CONCATENATE(ShowContinuousLog!A11," ",ShowContinuousLog!E11),CONCATENATE(ShowContinuousLog!A11, " ",ShowContinuousLog!E11," $",ShowContinuousLog!F11)) -> 5 N | B8: | | C8: =CONCATENATE(ShowContinuousLog!C11,"-",ShowContinuousLog!D11) -> B21-1
A9: =IF(ShowContinuousLog!E12="N",CONCATENATE(ShowContinuousLog!A12," ",ShowContinuousLog!E12),CONCATENATE(ShowContinuousLog!A12, " ",ShowContinuousLog!E12," $",ShowContinuousLog!F12)) -> 6 N | B9: | | C9: =CONCATENATE(ShowContinuousLog!C12,"-",ShowContinuousLog!D12) -> A24-2
A10: =IF(ShowContinuousLog!E13="N",CONCATENATE(ShowContinuousLog!A13," ",ShowContinuousLog!E13),CONCATENATE(ShowContinuousLog!A13, " ",ShowContinuousLog!E13," $",ShowContinuousLog!F13)) -> 7 N | B10: | | C10: =CONCATENATE(ShowContinuousLog!C13,"-",ShowContinuousLog!D13) -> B1-2
A11: =IF(ShowContinuousLog!E14="N",CONCATENATE(ShowContinuousLog!A14," ",ShowContinuousLog!E14),CONCATENATE(ShowContinuousLog!A14, " ",ShowContinuousLog!E14," $",ShowContinuousLog!F14)) -> 8 N | B11: | | C11: =CONCATENATE(ShowContinuousLog!C14,"-",ShowContinuousLog!D14) -> B1-3
A12: =IF(ShowContinuousLog!E15="N",CONCATENATE(ShowContinuousLog!A15," ",ShowContinuousLog!E15),CONCATENATE(ShowContinuousLog!A15, " ",ShowContinuousLog!E15," $",ShowContinuousLog!F15)) -> 9 N | B12: | | C12: =CONCATENATE(ShowContinuousLog!C15,"-",ShowContinuousLog!D15) -> B1-4
A13: =IF(ShowContinuousLog!E16="N",CONCATENATE(ShowContinuousLog!A16," ",ShowContinuousLog!E16),CONCATENATE(ShowContinuousLog!A16, " ",ShowContinuousLog!E16," $",ShowContinuousLog!F16)) -> 10 N | B13: | | C13: =CONCATENATE(ShowContinuousLog!C16,"-",ShowContinuousLog!D16) -> B3-4
A14: =IF(ShowContinuousLog!E17="N",CONCATENATE(ShowContinuousLog!A17," ",ShowContinuousLog!E17),CONCATENATE(ShowContinuousLog!A17, " ",ShowContinuousLog!E17," $",ShowContinuousLog!F17)) -> 11 N | B14: | | C14: =CONCATENATE(ShowContinuousLog!C17,"-",ShowContinuousLog!D17) -> B3-5
A15: =IF(ShowContinuousLog!E18="N",CONCATENATE(ShowContinuousLog!A18," ",ShowContinuousLog!E18),CONCATENATE(ShowContinuousLog!A18, " ",ShowContinuousLog!E18," $",ShowContinuousLog!F18)) -> 12 N | B15: | | C15: =CONCATENATE(ShowContinuousLog!C18,"-",ShowContinuousLog!D18) -> B3-6
... A363: =IF(ShowContinuousLog!E366="N",CONCATENATE(ShowContinuousLog!A366," ",ShowContinuousLog!E366),CONCATENATE(ShowContinuousLog!A366, " ",ShowContinuousLog!E366," $",ShowContinuousLog!F366)) -> $ | B363: | | C363: =CONCATENATE(ShowContinuousLog!C366,"-",ShowContinuousLog!D366) -> -

Sheet BeanieLabels (30 Count)
A1: This file is set up to print your Beannie Baby labels. When you have assigned your Class and Entry numbers to your Consecutive numbers on the 'Show Information' sheet they will appear on this sheet automatically. The middle cell with the '|' is the marker for the corner of the Beannie Baby. Rows 1 - 3 with these directions will not be in your print range. This sheet is set up for Avery Removable File Folder labels, 30 Labels per sheet (1" x 27/16").
A2: These numbers are linked(with formulas)to the Show Information sheet and will populate as you enter in class and entry numbers. This sheet is currently set up for 360 entries. If you have more, you will have to add the extra lines on the Show Information sheet, add the formulas to this sheet, and adjust the print area as needed. Currently this sheet is set to print 360 labels, to adjust this you will need to adjust the print area. Or Christina Simpson and she'll expand it for you!
A3: Consecutive # | C3: Class - Entry #
A4: =IF(ShowContinuousLog!E7="N",CONCATENATE(ShowContinuousLog!A7," ",ShowContinuousLog!E7),CONCATENATE(ShowContinuousLog!A7, " ",ShowContinuousLog!E7," $",ShowContinuousLog!F7)) -> 1 N | B4: | | C4: =CONCATENATE(ShowContinuousLog!C7,"-",ShowContinuousLog!D7) -> A1-2 | E4: =IF(ShowContinuousLog!E22="N",CONCATENATE(ShowContinuousLog!A22," ",ShowContinuousLog!E22),CONCATENATE(ShowContinuousLog!A22, " ",ShowContinuousLog!E22," $",ShowContinuousLog!F22)) -> 16 N | F4: | | G4: =CONCATENATE(ShowContinuousLog!C22,"-",ShowContinuousLog!D22) -> B6-12
A5: =IF(ShowContinuousLog!E8="N",CONCATENATE(ShowContinuousLog!A8," ",ShowContinuousLog!E8),CONCATENATE(ShowContinuousLog!A8, " ",ShowContinuousLog!E8," $",ShowContinuousLog!F8)) -> 2 N | B5: | | C5: =CONCATENATE(ShowContinuousLog!C8,"-",ShowContinuousLog!D8) -> A1-3 | E5: =IF(ShowContinuousLog!E23="N",CONCATENATE(ShowContinuousLog!A23," ",ShowContinuousLog!E23),CONCATENATE(ShowContinuousLog!A23, " ",ShowContinuousLog!E23," $",ShowContinuousLog!F23)) -> 17 N | F5: | | G5: =CONCATENATE(ShowContinuousLog!C23,"-",ShowContinuousLog!D23) -> B6-13
A6: =IF(ShowContinuousLog!E9="N",CONCATENATE(ShowContinuousLog!A9," ",ShowContinuousLog!E9),CONCATENATE(ShowContinuousLog!A9, " ",ShowContinuousLog!E9," $",ShowContinuousLog!F9)) -> 3 N | B6: | | C6: =CONCATENATE(ShowContinuousLog!C9,"-",ShowContinuousLog!D9) -> A3-1 | E6: =IF(ShowContinuousLog!E24="N",CONCATENATE(ShowContinuousLog!A24," ",ShowContinuousLog!E24),CONCATENATE(ShowContinuousLog!A24, " ",ShowContinuousLog!E24," $",ShowContinuousLog!F24)) -> 18 N | F6: | | G6: =CONCATENATE(ShowContinuousLog!C24,"-",ShowContinuousLog!D24) -> B6-6
A7: =IF(ShowContinuousLog!E10="N",CONCATENATE(ShowContinuousLog!A10," ",ShowContinuousLog!E10),CONCATENATE(ShowContinuousLog!A10, " ",ShowContinuousLog!E10," $",ShowContinuousLog!F10)) -> 4 N | B7: | | C7: =CONCATENATE(ShowContinuousLog!C10,"-",ShowContinuousLog!D10) -> A10-4 | E7: =IF(ShowContinuousLog!E25="N",CONCATENATE(ShowContinuousLog!A25," ",ShowContinuousLog!E25),CONCATENATE(ShowContinuousLog!A25, " ",ShowContinuousLog!E25," $",ShowContinuousLog!F25)) -> 19 N | F7: | | G7: =CONCATENATE(ShowContinuousLog!C25,"-",ShowContinuousLog!D25) -> B7-2
A8: =IF(ShowContinuousLog!E11="N",CONCATENATE(ShowContinuousLog!A11," ",ShowContinuousLog!E11),CONCATENATE(ShowContinuousLog!A11, " ",ShowContinuousLog!E11," $",ShowContinuousLog!F11)) -> 5 N | B8: | | C8: =CONCATENATE(ShowContinuousLog!C11,"-",ShowContinuousLog!D11) -> B21-1 | E8: =IF(ShowContinuousLog!E26="N",CONCATENATE(ShowContinuousLog!A26," ",ShowContinuousLog!E26),CONCATENATE(ShowContinuousLog!A26, " ",ShowContinuousLog!E26," $",ShowContinuousLog!F26)) -> 20 N | F8: | | G8: =CONCATENATE(ShowContinuousLog!C26,"-",ShowContinuousLog!D26) -> B7-3
A9: =IF(ShowContinuousLog!E12="N",CONCATENATE(ShowContinuousLog!A12," ",ShowContinuousLog!E12),CONCATENATE(ShowContinuousLog!A12, " ",ShowContinuousLog!E12," $",ShowContinuousLog!F12)) -> 6 N | B9: | | C9: =CONCATENATE(ShowContinuousLog!C12,"-",ShowContinuousLog!D12) -> A24-2 | E9: =IF(ShowContinuousLog!E27="N",CONCATENATE(ShowContinuousLog!A27," ",ShowContinuousLog!E27),CONCATENATE(ShowContinuousLog!A27, " ",ShowContinuousLog!E27," $",ShowContinuousLog!F27)) -> 21 N | F9: | | G9: =CONCATENATE(ShowContinuousLog!C27,"-",ShowContinuousLog!D27) -> B10-2
A10: =IF(ShowContinuousLog!E13="N",CONCATENATE(ShowContinuousLog!A13," ",ShowContinuousLog!E13),CONCATENATE(ShowContinuousLog!A13, " ",ShowContinuousLog!E13," $",ShowContinuousLog!F13)) -> 7 N | B10: | | C10: =CONCATENATE(ShowContinuousLog!C13,"-",ShowContinuousLog!D13) -> B1-2 | E10: =IF(ShowContinuousLog!E28="N",CONCATENATE(ShowContinuousLog!A28," ",ShowContinuousLog!E28),CONCATENATE(ShowContinuousLog!A28, " ",ShowContinuousLog!E28," $",ShowContinuousLog!F28)) -> 22 N | F10: | | G10: =CONCATENATE(ShowContinuousLog!C28,"-",ShowContinuousLog!D28) -> B10-3
A11: =IF(ShowContinuousLog!E14="N",CONCATENATE(ShowContinuousLog!A14," ",ShowContinuousLog!E14),CONCATENATE(ShowContinuousLog!A14, " ",ShowContinuousLog!E14," $",ShowContinuousLog!F14)) -> 8 N | B11: | | C11: =CONCATENATE(ShowContinuousLog!C14,"-",ShowContinuousLog!D14) -> B1-3 | E11: =IF(ShowContinuousLog!E29="N",CONCATENATE(ShowContinuousLog!A29," ",ShowContinuousLog!E29),CONCATENATE(ShowContinuousLog!A29, " ",ShowContinuousLog!E29," $",ShowContinuousLog!F29)) -> 23 N | F11: | | G11: =CONCATENATE(ShowContinuousLog!C29,"-",ShowContinuousLog!D29) -> B13-1
A12: =IF(ShowContinuousLog!E15="N",CONCATENATE(ShowContinuousLog!A15," ",ShowContinuousLog!E15),CONCATENATE(ShowContinuousLog!A15, " ",ShowContinuousLog!E15," $",ShowContinuousLog!F15)) -> 9 N | B12: | | C12: =CONCATENATE(ShowContinuousLog!C15,"-",ShowContinuousLog!D15) -> B1-4 | E12: =IF(ShowContinuousLog!E30="N",CONCATENATE(ShowContinuousLog!A30," ",ShowContinuousLog!E30),CONCATENATE(ShowContinuousLog!A30, " ",ShowContinuousLog!E30," $",ShowContinuousLog!F30)) -> 24 N | F12: | | G12: =CONCATENATE(ShowContinuousLog!C30,"-",ShowContinuousLog!D30) -> B13-2
A13: =IF(ShowContinuousLog!E16="N",CONCATENATE(ShowContinuousLog!A16," ",ShowContinuousLog!E16),CONCATENATE(ShowContinuousLog!A16, " ",ShowContinuousLog!E16," $",ShowContinuousLog!F16)) -> 10 N | B13: | | C13: =CONCATENATE(ShowContinuousLog!C16,"-",ShowContinuousLog!D16) -> B3-4 | E13: =IF(ShowContinuousLog!E31="N",CONCATENATE(ShowContinuousLog!A31," ",ShowContinuousLog!E31),CONCATENATE(ShowContinuousLog!A31, " ",ShowContinuousLog!E31," $",ShowContinuousLog!F31)) -> 25 N | F13: | | G13: =CONCATENATE(ShowContinuousLog!C31,"-",ShowContinuousLog!D31) -> B18-2
A14: =IF(ShowContinuousLog!E17="N",CONCATENATE(ShowContinuousLog!A17," ",ShowContinuousLog!E17),CONCATENATE(ShowContinuousLog!A17, " ",ShowContinuousLog!E17," $",ShowContinuousLog!F17)) -> 11 N | B14: | | C14: =CONCATENATE(ShowContinuousLog!C17,"-",ShowContinuousLog!D17) -> B3-5 | E14: =IF(ShowContinuousLog!E32="N",CONCATENATE(ShowContinuousLog!A32," ",ShowContinuousLog!E32),CONCATENATE(ShowContinuousLog!A32, " ",ShowContinuousLog!E32," $",ShowContinuousLog!F32)) -> 26 N | F14: | | G14: =CONCATENATE(ShowContinuousLog!C32,"-",ShowContinuousLog!D32) -> B19-2
A15: =IF(ShowContinuousLog!E18="N",CONCATENATE(ShowContinuousLog!A18," ",ShowContinuousLog!E18),CONCATENATE(ShowContinuousLog!A18, " ",ShowContinuousLog!E18," $",ShowContinuousLog!F18)) -> 12 N | B15: | | C15: =CONCATENATE(ShowContinuousLog!C18,"-",ShowContinuousLog!D18) -> B3-6 | E15: =IF(ShowContinuousLog!E33="N",CONCATENATE(ShowContinuousLog!A33," ",ShowContinuousLog!E33),CONCATENATE(ShowContinuousLog!A33, " ",ShowContinuousLog!E33," $",ShowContinuousLog!F33)) -> 27 N | F15: | | G15: =CONCATENATE(ShowContinuousLog!C33,"-",ShowContinuousLog!D33) -> B22-1
... A18: =IF(ShowContinuousLog!E21="N",CONCATENATE(ShowContinuousLog!A21," ",ShowContinuousLog!E21),CONCATENATE(ShowContinuousLog!A21, " ",ShowContinuousLog!E21," $",ShowContinuousLog!F21)) -> 15 N | B18: | | C18: =CONCATENATE(ShowContinuousLog!C21,"-",ShowContinuousLog!D21) -> B6-11 | E18: =IF(ShowContinuousLog!E36="N",CONCATENATE(ShowContinuousLog!A36," ",ShowContinuousLog!E36),CONCATENATE(ShowContinuousLog!A36, " ",ShowContinuousLog!E36," $",ShowContinuousLog!F36)) -> 30 N | F18: | | G18: =CONCATENATE(ShowContinuousLog!C36,"-",ShowContinuousLog!D36) -> C2-2
A19: =IF(ShowContinuousLog!E37="N",CONCATENATE(ShowContinuousLog!A37," ",ShowContinuousLog!E37),CONCATENATE(ShowContinuousLog!A37, " ",ShowContinuousLog!E37," $",ShowContinuousLog!F37)) -> 31 N | B19: | | C19: =CONCATENATE(ShowContinuousLog!C37,"-",ShowContinuousLog!D37) -> C2-3 | E19: =IF(ShowContinuousLog!E52="N",CONCATENATE(ShowContinuousLog!A52," ",ShowContinuousLog!E52),CONCATENATE(ShowContinuousLog!A52, " ",ShowContinuousLog!E52," $",ShowContinuousLog!F52)) -> 46 Y $10 | F19: | | G19: =CONCATENATE(ShowContinuousLog!C52,"-",ShowContinuousLog!D52) -> A6-2
A20: =IF(ShowContinuousLog!E38="N",CONCATENATE(ShowContinuousLog!A38," ",ShowContinuousLog!E38),CONCATENATE(ShowContinuousLog!A38, " ",ShowContinuousLog!E38," $",ShowContinuousLog!F38)) -> 32 N | B20: | | C20: =CONCATENATE(ShowContinuousLog!C38,"-",ShowContinuousLog!D38) -> C4-1 | E20: =IF(ShowContinuousLog!E53="N",CONCATENATE(ShowContinuousLog!A53," ",ShowContinuousLog!E53),CONCATENATE(ShowContinuousLog!A53, " ",ShowContinuousLog!E53," $",ShowContinuousLog!F53)) -> 47 Y $10 | F20: | | G20: =CONCATENATE(ShowContinuousLog!C53,"-",ShowContinuousLog!D53) -> A6-3
A21: =IF(ShowContinuousLog!E39="N",CONCATENATE(ShowContinuousLog!A39," ",ShowContinuousLog!E39),CONCATENATE(ShowContinuousLog!A39, " ",ShowContinuousLog!E39," $",ShowContinuousLog!F39)) -> 33 N | B21: | | C21: =CONCATENATE(ShowContinuousLog!C39,"-",ShowContinuousLog!D39) -> C4-2 | E21: =IF(ShowContinuousLog!E54="N",CONCATENATE(ShowContinuousLog!A54," ",ShowContinuousLog!E54),CONCATENATE(ShowContinuousLog!A54, " ",ShowContinuousLog!E54," $",ShowContinuousLog!F54)) -> 48 Y $10 | F21: | | G21: =CONCATENATE(ShowContinuousLog!C54,"-",ShowContinuousLog!D54) -> A11-1
A22: =IF(ShowContinuousLog!E40="N",CONCATENATE(ShowContinuousLog!A40," ",ShowContinuousLog!E40),CONCATENATE(ShowContinuousLog!A40, " ",ShowContinuousLog!E40," $",ShowContinuousLog!F40)) -> 34 N | B22: | | C22: =CONCATENATE(ShowContinuousLog!C40,"-",ShowContinuousLog!D40) -> C4-3 | E22: =IF(ShowContinuousLog!E55="N",CONCATENATE(ShowContinuousLog!A55," ",ShowContinuousLog!E55),CONCATENATE(ShowContinuousLog!A55, " ",ShowContinuousLog!E55," $",ShowContinuousLog!F55)) -> 49 Y $10 | F22: | | G22: =CONCATENATE(ShowContinuousLog!C55,"-",ShowContinuousLog!D55) -> A16 A17-1
A23: =IF(ShowContinuousLog!E41="N",CONCATENATE(ShowContinuousLog!A41," ",ShowContinuousLog!E41),CONCATENATE(ShowContinuousLog!A41, " ",ShowContinuousLog!E41," $",ShowContinuousLog!F41)) -> 35 N | B23: | | C23: =CONCATENATE(ShowContinuousLog!C41,"-",ShowContinuousLog!D41) -> C2-4 | E23: =IF(ShowContinuousLog!E56="N",CONCATENATE(ShowContinuousLog!A56," ",ShowContinuousLog!E56),CONCATENATE(ShowContinuousLog!A56, " ",ShowContinuousLog!E56," $",ShowContinuousLog!F56)) -> 50 Y $10 | F23: | | G23: =CONCATENATE(ShowContinuousLog!C56,"-",ShowContinuousLog!D56) -> A16 A17-2
A24: =IF(ShowContinuousLog!E42="N",CONCATENATE(ShowContinuousLog!A42," ",ShowContinuousLog!E42),CONCATENATE(ShowContinuousLog!A42, " ",ShowContinuousLog!E42," $",ShowContinuousLog!F42)) -> 36 N | B24: | | C24: =CONCATENATE(ShowContinuousLog!C42,"-",ShowContinuousLog!D42) -> C7-2 | E24: =IF(ShowContinuousLog!E57="N",CONCATENATE(ShowContinuousLog!A57," ",ShowContinuousLog!E57),CONCATENATE(ShowContinuousLog!A57, " ",ShowContinuousLog!E57," $",ShowContinuousLog!F57)) -> 51 Y $10 | F24: | | G24: =CONCATENATE(ShowContinuousLog!C57,"-",ShowContinuousLog!D57) -> A18-1
A25: =IF(ShowContinuousLog!E43="N",CONCATENATE(ShowContinuousLog!A43," ",ShowContinuousLog!E43),CONCATENATE(ShowContinuousLog!A43, " ",ShowContinuousLog!E43," $",ShowContinuousLog!F43)) -> 37 N | B25: | | C25: =CONCATENATE(ShowContinuousLog!C43,"-",ShowContinuousLog!D43) -> C7-3 | E25: =IF(ShowContinuousLog!E58="N",CONCATENATE(ShowContinuousLog!A58," ",ShowContinuousLog!E58),CONCATENATE(ShowContinuousLog!A58, " ",ShowContinuousLog!E58," $",ShowContinuousLog!F58)) -> 52 Y $10 | F25: | | G25: =CONCATENATE(ShowContinuousLog!C58,"-",ShowContinuousLog!D58) -> A19-1
A26: =IF(ShowContinuousLog!E44="N",CONCATENATE(ShowContinuousLog!A44," ",ShowContinuousLog!E44),CONCATENATE(ShowContinuousLog!A44, " ",ShowContinuousLog!E44," $",ShowContinuousLog!F44)) -> 38 N | B26: | | C26: =CONCATENATE(ShowContinuousLog!C44,"-",ShowContinuousLog!D44) -> C10-2 | E26: =IF(ShowContinuousLog!E59="N",CONCATENATE(ShowContinuousLog!A59," ",ShowContinuousLog!E59),CONCATENATE(ShowContinuousLog!A59, " ",ShowContinuousLog!E59," $",ShowContinuousLog!F59)) -> 53 Y $10 | F26: | | G26: =CONCATENATE(ShowContinuousLog!C59,"-",ShowContinuousLog!D59) -> A19-2
A27: =IF(ShowContinuousLog!E45="N",CONCATENATE(ShowContinuousLog!A45," ",ShowContinuousLog!E45),CONCATENATE(ShowContinuousLog!A45, " ",ShowContinuousLog!E45," $",ShowContinuousLog!F45)) -> 39 N | B27: | | C27: =CONCATENATE(ShowContinuousLog!C45,"-",ShowContinuousLog!D45) -> C10-3 | E27: =IF(ShowContinuousLog!E60="N",CONCATENATE(ShowContinuousLog!A60," ",ShowContinuousLog!E60),CONCATENATE(ShowContinuousLog!A60, " ",ShowContinuousLog!E60," $",ShowContinuousLog!F60)) -> 54 Y $10 | F27: | | G27: =CONCATENATE(ShowContinuousLog!C60,"-",ShowContinuousLog!D60) -> A19-3
A28: =IF(ShowContinuousLog!E46="N",CONCATENATE(ShowContinuousLog!A46," ",ShowContinuousLog!E46),CONCATENATE(ShowContinuousLog!A46, " ",ShowContinuousLog!E46," $",ShowContinuousLog!F46)) -> 40 N | B28: | | C28: =CONCATENATE(ShowContinuousLog!C46,"-",ShowContinuousLog!D46) -> B9-1 | E28: =IF(ShowContinuousLog!E61="N",CONCATENATE(ShowContinuousLog!A61," ",ShowContinuousLog!E61),CONCATENATE(ShowContinuousLog!A61, " ",ShowContinuousLog!E61," $",ShowContinuousLog!F61)) -> 55 Y $10 | F28: | | G28: =CONCATENATE(ShowContinuousLog!C61,"-",ShowContinuousLog!D61) -> B6-1
A29: =IF(ShowContinuousLog!E47="N",CONCATENATE(ShowContinuousLog!A47," ",ShowContinuousLog!E47),CONCATENATE(ShowContinuousLog!A47, " ",ShowContinuousLog!E47," $",ShowContinuousLog!F47)) -> 41 N | B29: | | C29: =CONCATENATE(ShowContinuousLog!C47,"-",ShowContinuousLog!D47) -> C5-4 | E29: =IF(ShowContinuousLog!E62="N",CONCATENATE(ShowContinuousLog!A62," ",ShowContinuousLog!E62),CONCATENATE(ShowContinuousLog!A62, " ",ShowContinuousLog!E62," $",ShowContinuousLog!F62)) -> 56 Y $10 | F29: | | G29: =CONCATENATE(ShowContinuousLog!C62,"-",ShowContinuousLog!D62) -> B6-2
A30: =IF(ShowContinuousLog!E48="N",CONCATENATE(ShowContinuousLog!A48," ",ShowContinuousLog!E48),CONCATENATE(ShowContinuousLog!A48, " ",ShowContinuousLog!E48," $",ShowContinuousLog!F48)) -> 42 N | B30: | | C30: =CONCATENATE(ShowContinuousLog!C48,"-",ShowContinuousLog!D48) -> C10-4 | E30: =IF(ShowContinuousLog!E63="N",CONCATENATE(ShowContinuousLog!A63," ",ShowContinuousLog!E63),CONCATENATE(ShowContinuousLog!A63, " ",ShowContinuousLog!E63," $",ShowContinuousLog!F63)) -> 57 Y $6 | F30: | | G30: =CONCATENATE(ShowContinuousLog!C63,"-",ShowContinuousLog!D63) -> B11-1
... A33: =IF(ShowContinuousLog!E51="N",CONCATENATE(ShowContinuousLog!A51," ",ShowContinuousLog!E51),CONCATENATE(ShowContinuousLog!A51, " ",ShowContinuousLog!E51," $",ShowContinuousLog!F51)) -> 45 Y $10 | B33: | | C33: =CONCATENATE(ShowContinuousLog!C51,"-",ShowContinuousLog!D51) -> A6-1 | E33: =IF(ShowContinuousLog!E66="N",CONCATENATE(ShowContinuousLog!A66," ",ShowContinuousLog!E66),CONCATENATE(ShowContinuousLog!A66, " ",ShowContinuousLog!E66," $",ShowContinuousLog!F66)) -> 60 Y $6 | F33: | | G33: =CONCATENATE(ShowContinuousLog!C66,"-",ShowContinuousLog!D66) -> C7-1
A34: =IF(ShowContinuousLog!E67="N",CONCATENATE(ShowContinuousLog!A67," ",ShowContinuousLog!E67),CONCATENATE(ShowContinuousLog!A67, " ",ShowContinuousLog!E67," $",ShowContinuousLog!F67)) -> 61 Y $6 | B34: | | C34: =CONCATENATE(ShowContinuousLog!C67,"-",ShowContinuousLog!D67) -> D1-1 | E34: =IF(ShowContinuousLog!E82="N",CONCATENATE(ShowContinuousLog!A82," ",ShowContinuousLog!E82),CONCATENATE(ShowContinuousLog!A82, " ",ShowContinuousLog!E82," $",ShowContinuousLog!F82)) -> 76 N | F34: | | G34: =CONCATENATE(ShowContinuousLog!C82,"-",ShowContinuousLog!D82) -> B15-4
A35: =IF(ShowContinuousLog!E68="N",CONCATENATE(ShowContinuousLog!A68," ",ShowContinuousLog!E68),CONCATENATE(ShowContinuousLog!A68, " ",ShowContinuousLog!E68," $",ShowContinuousLog!F68)) -> 62 Y $12P | B35: | | C35: =CONCATENATE(ShowContinuousLog!C68,"-",ShowContinuousLog!D68) -> D5-1A | E35: =IF(ShowContinuousLog!E83="N",CONCATENATE(ShowContinuousLog!A83," ",ShowContinuousLog!E83),CONCATENATE(ShowContinuousLog!A83, " ",ShowContinuousLog!E83," $",ShowContinuousLog!F83)) -> 77 N | F35: | | G35: =CONCATENATE(ShowContinuousLog!C83,"-",ShowContinuousLog!D83) -> B6-4
A36: =IF(ShowContinuousLog!E69="N",CONCATENATE(ShowContinuousLog!A69," ",ShowContinuousLog!E69),CONCATENATE(ShowContinuousLog!A69, " ",ShowContinuousLog!E69," $",ShowContinuousLog!F69)) -> 63 Y $12P | B36: | | C36: =CONCATENATE(ShowContinuousLog!C69,"-",ShowContinuousLog!D69) -> D5-1B | E36: =IF(ShowContinuousLog!E84="N",CONCATENATE(ShowContinuousLog!A84," ",ShowContinuousLog!E84),CONCATENATE(ShowContinuousLog!A84, " ",ShowContinuousLog!E84," $",ShowContinuousLog!F84)) -> 78 N | F36: | | G36: =CONCATENATE(ShowContinuousLog!C84,"-",ShowContinuousLog!D84) -> A20-1
A37: =IF(ShowContinuousLog!E70="N",CONCATENATE(ShowContinuousLog!A70," ",ShowContinuousLog!E70),CONCATENATE(ShowContinuousLog!A70, " ",ShowContinuousLog!E70," $",ShowContinuousLog!F70)) -> 64 Y $15 | B37: | | C37: =CONCATENATE(ShowContinuousLog!C70,"-",ShowContinuousLog!D70) -> B6-3 | E37: =IF(ShowContinuousLog!E85="N",CONCATENATE(ShowContinuousLog!A85," ",ShowContinuousLog!E85),CONCATENATE(ShowContinuousLog!A85, " ",ShowContinuousLog!E85," $",ShowContinuousLog!F85)) -> 79 N | F37: | | G37: =CONCATENATE(ShowContinuousLog!C85,"-",ShowContinuousLog!D85) -> B2-1
A38: =IF(ShowContinuousLog!E71="N",CONCATENATE(ShowContinuousLog!A71," ",ShowContinuousLog!E71),CONCATENATE(ShowContinuousLog!A71, " ",ShowContinuousLog!E71," $",ShowContinuousLog!F71)) -> 65 Y $15 | B38: | | C38: =CONCATENATE(ShowContinuousLog!C71,"-",ShowContinuousLog!D71) -> B3-1 | E38: =IF(ShowContinuousLog!E86="N",CONCATENATE(ShowContinuousLog!A86," ",ShowContinuousLog!E86),CONCATENATE(ShowContinuousLog!A86, " ",ShowContinuousLog!E86," $",ShowContinuousLog!F86)) -> 80 N | F38: | | G38: =CONCATENATE(ShowContinuousLog!C86,"-",ShowContinuousLog!D86) -> A22-2
A39: =IF(ShowContinuousLog!E72="N",CONCATENATE(ShowContinuousLog!A72," ",ShowContinuousLog!E72),CONCATENATE(ShowContinuousLog!A72, " ",ShowContinuousLog!E72," $",ShowContinuousLog!F72)) -> 66 Y $15 | B39: | | C39: =CONCATENATE(ShowContinuousLog!C72,"-",ShowContinuousLog!D72) -> B17-8 | E39: =IF(ShowContinuousLog!E87="N",CONCATENATE(ShowContinuousLog!A87," ",ShowContinuousLog!E87),CONCATENATE(ShowContinuousLog!A87, " ",ShowContinuousLog!E87," $",ShowContinuousLog!F87)) -> 81 N | F39: | | G39: =CONCATENATE(ShowContinuousLog!C87,"-",ShowContinuousLog!D87) -> B2-2
A40: =IF(ShowContinuousLog!E73="N",CONCATENATE(ShowContinuousLog!A73," ",ShowContinuousLog!E73),CONCATENATE(ShowContinuousLog!A73, " ",ShowContinuousLog!E73," $",ShowContinuousLog!F73)) -> 67 Y $10 | B40: | | C40: =CONCATENATE(ShowContinuousLog!C73,"-",ShowContinuousLog!D73) -> B6-5 | E40: =IF(ShowContinuousLog!E88="N",CONCATENATE(ShowContinuousLog!A88," ",ShowContinuousLog!E88),CONCATENATE(ShowContinuousLog!A88, " ",ShowContinuousLog!E88," $",ShowContinuousLog!F88)) -> 82 N | F40: | | G40: =CONCATENATE(ShowContinuousLog!C88,"-",ShowContinuousLog!D88) -> B15-5
A41: =IF(ShowContinuousLog!E74="N",CONCATENATE(ShowContinuousLog!A74," ",ShowContinuousLog!E74),CONCATENATE(ShowContinuousLog!A74, " ",ShowContinuousLog!E74," $",ShowContinuousLog!F74)) -> 68 Y $10 | B41: | | C41: =CONCATENATE(ShowContinuousLog!C74,"-",ShowContinuousLog!D74) -> B17-2 | E41: =IF(ShowContinuousLog!E89="N",CONCATENATE(ShowContinuousLog!A89," ",ShowContinuousLog!E89),CONCATENATE(ShowContinuousLog!A89, " ",ShowContinuousLog!E89," $",ShowContinuousLog!F89)) -> 83 N | F41: | | G41: =CONCATENATE(ShowContinuousLog!C89,"-",ShowContinuousLog!D89) -> D1-2
A42: =IF(ShowContinuousLog!E75="N",CONCATENATE(ShowContinuousLog!A75," ",ShowContinuousLog!E75),CONCATENATE(ShowContinuousLog!A75, " ",ShowContinuousLog!E75," $",ShowContinuousLog!F75)) -> 69 Y $10 | B42: | | C42: =CONCATENATE(ShowContinuousLog!C75,"-",ShowContinuousLog!D75) -> B17-3 | E42: =IF(ShowContinuousLog!E90="N",CONCATENATE(ShowContinuousLog!A90," ",ShowContinuousLog!E90),CONCATENATE(ShowContinuousLog!A90, " ",ShowContinuousLog!E90," $",ShowContinuousLog!F90)) -> 84 N | F42: | | G42: =CONCATENATE(ShowContinuousLog!C90,"-",ShowContinuousLog!D90) -> A12-2
A43: =IF(ShowContinuousLog!E76="N",CONCATENATE(ShowContinuousLog!A76," ",ShowContinuousLog!E76),CONCATENATE(ShowContinuousLog!A76, " ",ShowContinuousLog!E76," $",ShowContinuousLog!F76)) -> 70 Y $10 | B43: | | C43: =CONCATENATE(ShowContinuousLog!C76,"-",ShowContinuousLog!D76) -> A24-4 | E43: =IF(ShowContinuousLog!E91="N",CONCATENATE(ShowContinuousLog!A91," ",ShowContinuousLog!E91),CONCATENATE(ShowContinuousLog!A91, " ",ShowContinuousLog!E91," $",ShowContinuousLog!F91)) -> 85 N | F43: | | G43: =CONCATENATE(ShowContinuousLog!C91,"-",ShowContinuousLog!D91) -> A12-3
A44: =IF(ShowContinuousLog!E77="N",CONCATENATE(ShowContinuousLog!A77," ",ShowContinuousLog!E77),CONCATENATE(ShowContinuousLog!A77, " ",ShowContinuousLog!E77," $",ShowContinuousLog!F77)) -> 71 Y $10 | B44: | | C44: =CONCATENATE(ShowContinuousLog!C77,"-",ShowContinuousLog!D77) -> A24-5 | E44: =IF(ShowContinuousLog!E92="N",CONCATENATE(ShowContinuousLog!A92," ",ShowContinuousLog!E92),CONCATENATE(ShowContinuousLog!A92, " ",ShowContinuousLog!E92," $",ShowContinuousLog!F92)) -> 86 N | F44: | | G44: =CONCATENATE(ShowContinuousLog!C92,"-",ShowContinuousLog!D92) -> B6-7
A45: =IF(ShowContinuousLog!E78="N",CONCATENATE(ShowContinuousLog!A78," ",ShowContinuousLog!E78),CONCATENATE(ShowContinuousLog!A78, " ",ShowContinuousLog!E78," $",ShowContinuousLog!F78)) -> 72 Y $10 | B45: | | C45: =CONCATENATE(ShowContinuousLog!C78,"-",ShowContinuousLog!D78) -> A24-3 | E45: =IF(ShowContinuousLog!E93="N",CONCATENATE(ShowContinuousLog!A93," ",ShowContinuousLog!E93),CONCATENATE(ShowContinuousLog!A93, " ",ShowContinuousLog!E93," $",ShowContinuousLog!F93)) -> 87 N | F45: | | G45: =CONCATENATE(ShowContinuousLog!C93,"-",ShowContinuousLog!D93) -> B23-1
... A48: =IF(ShowContinuousLog!E81="N",CONCATENATE(ShowContinuousLog!A81," ",ShowContinuousLog!E81),CONCATENATE(ShowContinuousLog!A81, " ",ShowContinuousLog!E81," $",ShowContinuousLog!F81)) -> 75 N | B48: | | C48: =CONCATENATE(ShowContinuousLog!C81,"-",ShowContinuousLog!D81) -> B15-3 | E48: =IF(ShowContinuousLog!E96="N",CONCATENATE(ShowContinuousLog!A96," ",ShowContinuousLog!E96),CONCATENATE(ShowContinuousLog!A96, " ",ShowContinuousLog!E96," $",ShowContinuousLog!F96)) -> 90 N | F48: | | G48: =CONCATENATE(ShowContinuousLog!C96,"-",ShowContinuousLog!D96) -> B21-2
A49: =IF(ShowContinuousLog!E97="N",CONCATENATE(ShowContinuousLog!A97," ",ShowContinuousLog!E97),CONCATENATE(ShowContinuousLog!A97, " ",ShowContinuousLog!E97," $",ShowContinuousLog!F97)) -> 91 N | B49: | | C49: =CONCATENATE(ShowContinuousLog!C97,"-",ShowContinuousLog!D97) -> B18-6 | E49: =IF(ShowContinuousLog!E112="N",CONCATENATE(ShowContinuousLog!A112," ",ShowContinuousLog!E112),CONCATENATE(ShowContinuousLog!A112, " ",ShowContinuousLog!E112," $",ShowContinuousLog!F112)) -> 106 N | F49: | | G49: =CONCATENATE(ShowContinuousLog!C112,"-",ShowContinuousLog!D112) -> B19-5
A50: =IF(ShowContinuousLog!E98="N",CONCATENATE(ShowContinuousLog!A98," ",ShowContinuousLog!E98),CONCATENATE(ShowContinuousLog!A98, " ",ShowContinuousLog!E98," $",ShowContinuousLog!F98)) -> 92 N | B50: | | C50: =CONCATENATE(ShowContinuousLog!C98,"-",ShowContinuousLog!D98) -> B9-7 | E50: =IF(ShowContinuousLog!E113="N",CONCATENATE(ShowContinuousLog!A113," ",ShowContinuousLog!E113),CONCATENATE(ShowContinuousLog!A113, " ",ShowContinuousLog!E113," $",ShowContinuousLog!F113)) -> 107 N | F50: | | G50: =CONCATENATE(ShowContinuousLog!C113,"-",ShowContinuousLog!D113) -> B17-5
A51: =IF(ShowContinuousLog!E99="N",CONCATENATE(ShowContinuousLog!A99," ",ShowContinuousLog!E99),CONCATENATE(ShowContinuousLog!A99, " ",ShowContinuousLog!E99," $",ShowContinuousLog!F99)) -> 93 N | B51: | | C51: =CONCATENATE(ShowContinuousLog!C99,"-",ShowContinuousLog!D99) -> B8-1 | E51: =IF(ShowContinuousLog!E114="N",CONCATENATE(ShowContinuousLog!A114," ",ShowContinuousLog!E114),CONCATENATE(ShowContinuousLog!A114, " ",ShowContinuousLog!E114," $",ShowContinuousLog!F114)) -> 108 N | F51: | | G51: =CONCATENATE(ShowContinuousLog!C114,"-",ShowContinuousLog!D114) -> B3-8
A52: =IF(ShowContinuousLog!E100="N",CONCATENATE(ShowContinuousLog!A100," ",ShowContinuousLog!E100),CONCATENATE(ShowContinuousLog!A100, " ",ShowContinuousLog!E100," $",ShowContinuousLog!F100)) -> 94 N | B52: | | C52: =CONCATENATE(ShowContinuousLog!C100,"-",ShowContinuousLog!D100) -> A21-4 | E52: =IF(ShowContinuousLog!E115="N",CONCATENATE(ShowContinuousLog!A115," ",ShowContinuousLog!E115),CONCATENATE(ShowContinuousLog!A115, " ",ShowContinuousLog!E115," $",ShowContinuousLog!F115)) -> 109 N | F52: | | G52: =CONCATENATE(ShowContinuousLog!C115,"-",ShowContinuousLog!D115) -> B1-9
A53: =IF(ShowContinuousLog!E101="N",CONCATENATE(ShowContinuousLog!A101," ",ShowContinuousLog!E101),CONCATENATE(ShowContinuousLog!A101, " ",ShowContinuousLog!E101," $",ShowContinuousLog!F101)) -> 95 N | B53: | | C53: =CONCATENATE(ShowContinuousLog!C101,"-",ShowContinuousLog!D101) -> B9-2 | E53: =IF(ShowContinuousLog!E116="N",CONCATENATE(ShowContinuousLog!A116," ",ShowContinuousLog!E116),CONCATENATE(ShowContinuousLog!A116, " ",ShowContinuousLog!E116," $",ShowContinuousLog!F116)) -> 110 N | F53: | | G53: =CONCATENATE(ShowContinuousLog!C116,"-",ShowContinuousLog!D116) -> B17-6
A54: =IF(ShowContinuousLog!E102="N",CONCATENATE(ShowContinuousLog!A102," ",ShowContinuousLog!E102),CONCATENATE(ShowContinuousLog!A102, " ",ShowContinuousLog!E102," $",ShowContinuousLog!F102)) -> 96 N | B54: | | C54: =CONCATENATE(ShowContinuousLog!C102,"-",ShowContinuousLog!D102) -> B1-5 | E54: =IF(ShowContinuousLog!E117="N",CONCATENATE(ShowContinuousLog!A117," ",ShowContinuousLog!E117),CONCATENATE(ShowContinuousLog!A117, " ",ShowContinuousLog!E117," $",ShowContinuousLog!F117)) -> 111 N | F54: | | G54: =CONCATENATE(ShowContinuousLog!C117,"-",ShowContinuousLog!D117) -> B3-9
A55: =IF(ShowContinuousLog!E103="N",CONCATENATE(ShowContinuousLog!A103," ",ShowContinuousLog!E103),CONCATENATE(ShowContinuousLog!A103, " ",ShowContinuousLog!E103," $",ShowContinuousLog!F103)) -> 97 N | B55: | | C55: =CONCATENATE(ShowContinuousLog!C103,"-",ShowContinuousLog!D103) -> B11-3 | E55: =IF(ShowContinuousLog!E118="N",CONCATENATE(ShowContinuousLog!A118," ",ShowContinuousLog!E118),CONCATENATE(ShowContinuousLog!A118, " ",ShowContinuousLog!E118," $",ShowContinuousLog!F118)) -> 112 N | F55: | | G55: =CONCATENATE(ShowContinuousLog!C118,"-",ShowContinuousLog!D118) -> B1-10
A56: =IF(ShowContinuousLog!E104="N",CONCATENATE(ShowContinuousLog!A104," ",ShowContinuousLog!E104),CONCATENATE(ShowContinuousLog!A104, " ",ShowContinuousLog!E104," $",ShowContinuousLog!F104)) -> 98 N | B56: | | C56: =CONCATENATE(ShowContinuousLog!C104,"-",ShowContinuousLog!D104) -> B14-2 | E56: =IF(ShowContinuousLog!E119="N",CONCATENATE(ShowContinuousLog!A119," ",ShowContinuousLog!E119),CONCATENATE(ShowContinuousLog!A119, " ",ShowContinuousLog!E119," $",ShowContinuousLog!F119)) -> 113 N | F56: | | G56: =CONCATENATE(ShowContinuousLog!C119,"-",ShowContinuousLog!D119) -> B1-11
A57: =IF(ShowContinuousLog!E105="N",CONCATENATE(ShowContinuousLog!A105," ",ShowContinuousLog!E105),CONCATENATE(ShowContinuousLog!A105, " ",ShowContinuousLog!E105," $",ShowContinuousLog!F105)) -> 99 N | B57: | | C57: =CONCATENATE(ShowContinuousLog!C105,"-",ShowContinuousLog!D105) -> B17-7 | E57: =IF(ShowContinuousLog!E120="N",CONCATENATE(ShowContinuousLog!A120," ",ShowContinuousLog!E120),CONCATENATE(ShowContinuousLog!A120, " ",ShowContinuousLog!E120," $",ShowContinuousLog!F120)) -> 114 N | F57: | | G57: =CONCATENATE(ShowContinuousLog!C120,"-",ShowContinuousLog!D120) -> D6-3A
A58: =IF(ShowContinuousLog!E106="N",CONCATENATE(ShowContinuousLog!A106," ",ShowContinuousLog!E106),CONCATENATE(ShowContinuousLog!A106, " ",ShowContinuousLog!E106," $",ShowContinuousLog!F106)) -> 100 N | B58: | | C58: =CONCATENATE(ShowContinuousLog!C106,"-",ShowContinuousLog!D106) -> B20-2 | E58: =IF(ShowContinuousLog!E121="N",CONCATENATE(ShowContinuousLog!A121," ",ShowContinuousLog!E121),CONCATENATE(ShowContinuousLog!A121, " ",ShowContinuousLog!E121," $",ShowContinuousLog!F121)) -> 115 N | F58: | | G58: =CONCATENATE(ShowContinuousLog!C121,"-",ShowContinuousLog!D121) -> D6-3B
A59: =IF(ShowContinuousLog!E107="N",CONCATENATE(ShowContinuousLog!A107," ",ShowContinuousLog!E107),CONCATENATE(ShowContinuousLog!A107, " ",ShowContinuousLog!E107," $",ShowContinuousLog!F107)) -> 101 N | B59: | | C59: =CONCATENATE(ShowContinuousLog!C107,"-",ShowContinuousLog!D107) -> B1-1 | E59: =IF(ShowContinuousLog!E122="N",CONCATENATE(ShowContinuousLog!A122," ",ShowContinuousLog!E122),CONCATENATE(ShowContinuousLog!A122, " ",ShowContinuousLog!E122," $",ShowContinuousLog!F122)) -> 116 N | F59: | | G59: =CONCATENATE(ShowContinuousLog!C122,"-",ShowContinuousLog!D122) -> C6-6
A60: =IF(ShowContinuousLog!E108="N",CONCATENATE(ShowContinuousLog!A108," ",ShowContinuousLog!E108),CONCATENATE(ShowContinuousLog!A108, " ",ShowContinuousLog!E108," $",ShowContinuousLog!F108)) -> 102 N | B60: | | C60: =CONCATENATE(ShowContinuousLog!C108,"-",ShowContinuousLog!D108) -> B1-7 | E60: =IF(ShowContinuousLog!E123="N",CONCATENATE(ShowContinuousLog!A123," ",ShowContinuousLog!E123),CONCATENATE(ShowContinuousLog!A123, " ",ShowContinuousLog!E123," $",ShowContinuousLog!F123)) -> 117 N | F60: | | G60: =CONCATENATE(ShowContinuousLog!C123,"-",ShowContinuousLog!D123) -> B6-15
... A63: =IF(ShowContinuousLog!E111="N",CONCATENATE(ShowContinuousLog!A111," ",ShowContinuousLog!E111),CONCATENATE(ShowContinuousLog!A111, " ",ShowContinuousLog!E111," $",ShowContinuousLog!F111)) -> 105 N | B63: | | C63: =CONCATENATE(ShowContinuousLog!C111,"-",ShowContinuousLog!D111) -> D6-1B | E63: =IF(ShowContinuousLog!E126="N",CONCATENATE(ShowContinuousLog!A126," ",ShowContinuousLog!E126),CONCATENATE(ShowContinuousLog!A126, " ",ShowContinuousLog!E126," $",ShowContinuousLog!F126)) -> 120 N | F63: | | G63: =CONCATENATE(ShowContinuousLog!C126,"-",ShowContinuousLog!D126) -> A9-1
A64: =IF(ShowContinuousLog!E127="N",CONCATENATE(ShowContinuousLog!A127," ",ShowContinuousLog!E127),CONCATENATE(ShowContinuousLog!A127, " ",ShowContinuousLog!E127," $",ShowContinuousLog!F127)) -> 121 N | B64: | | C64: =CONCATENATE(ShowContinuousLog!C127,"-",ShowContinuousLog!D127) -> B11-5 | E64: =IF(ShowContinuousLog!E142="N",CONCATENATE(ShowContinuousLog!A142," ",ShowContinuousLog!E142),CONCATENATE(ShowContinuousLog!A142, " ",ShowContinuousLog!E142," $",ShowContinuousLog!F142)) -> 136 N | F64: | | G64: =CONCATENATE(ShowContinuousLog!C142,"-",ShowContinuousLog!D142) -> C10-1
A65: =IF(ShowContinuousLog!E128="N",CONCATENATE(ShowContinuousLog!A128," ",ShowContinuousLog!E128),CONCATENATE(ShowContinuousLog!A128, " ",ShowContinuousLog!E128," $",ShowContinuousLog!F128)) -> 122 N | B65: | | C65: =CONCATENATE(ShowContinuousLog!C128,"-",ShowContinuousLog!D128) -> B9-5 | E65: =IF(ShowContinuousLog!E143="N",CONCATENATE(ShowContinuousLog!A143," ",ShowContinuousLog!E143),CONCATENATE(ShowContinuousLog!A143, " ",ShowContinuousLog!E143," $",ShowContinuousLog!F143)) -> 137 N | F65: | | G65: =CONCATENATE(ShowContinuousLog!C143,"-",ShowContinuousLog!D143) -> A18-2
A66: =IF(ShowContinuousLog!E129="N",CONCATENATE(ShowContinuousLog!A129," ",ShowContinuousLog!E129),CONCATENATE(ShowContinuousLog!A129, " ",ShowContinuousLog!E129," $",ShowContinuousLog!F129)) -> 123 N | B66: | | C66: =CONCATENATE(ShowContinuousLog!C129,"-",ShowContinuousLog!D129) -> CC5-1 | E66: =IF(ShowContinuousLog!E144="N",CONCATENATE(ShowContinuousLog!A144," ",ShowContinuousLog!E144),CONCATENATE(ShowContinuousLog!A144, " ",ShowContinuousLog!E144," $",ShowContinuousLog!F144)) -> 138 N | F66: | | G66: =CONCATENATE(ShowContinuousLog!C144,"-",ShowContinuousLog!D144) -> B20-1
A67: =IF(ShowContinuousLog!E130="N",CONCATENATE(ShowContinuousLog!A130," ",ShowContinuousLog!E130),CONCATENATE(ShowContinuousLog!A130, " ",ShowContinuousLog!E130," $",ShowContinuousLog!F130)) -> 124 N | B67: | | C67: =CONCATENATE(ShowContinuousLog!C130,"-",ShowContinuousLog!D130) -> B19-4 | E67: =IF(ShowContinuousLog!E145="N",CONCATENATE(ShowContinuousLog!A145," ",ShowContinuousLog!E145),CONCATENATE(ShowContinuousLog!A145, " ",ShowContinuousLog!E145," $",ShowContinuousLog!F145)) -> 139 N | F67: | | G67: =CONCATENATE(ShowContinuousLog!C145,"-",ShowContinuousLog!D145) -> C2-5
A68: =IF(ShowContinuousLog!E131="N",CONCATENATE(ShowContinuousLog!A131," ",ShowContinuousLog!E131),CONCATENATE(ShowContinuousLog!A131, " ",ShowContinuousLog!E131," $",ShowContinuousLog!F131)) -> 125 N | B68: | | C68: =CONCATENATE(ShowContinuousLog!C131,"-",ShowContinuousLog!D131) -> B3-11 | E68: =IF(ShowContinuousLog!E146="N",CONCATENATE(ShowContinuousLog!A146," ",ShowContinuousLog!E146),CONCATENATE(ShowContinuousLog!A146, " ",ShowContinuousLog!E146," $",ShowContinuousLog!F146)) -> 140 N | F68: | | G68: =CONCATENATE(ShowContinuousLog!C146,"-",ShowContinuousLog!D146) -> B2-4
A69: =IF(ShowContinuousLog!E132="N",CONCATENATE(ShowContinuousLog!A132," ",ShowContinuousLog!E132),CONCATENATE(ShowContinuousLog!A132, " ",ShowContinuousLog!E132," $",ShowContinuousLog!F132)) -> 126 N | B69: | | C69: =CONCATENATE(ShowContinuousLog!C132,"-",ShowContinuousLog!D132) -> C6-1 | E69: =IF(ShowContinuousLog!E147="N",CONCATENATE(ShowContinuousLog!A147," ",ShowContinuousLog!E147),CONCATENATE(ShowContinuousLog!A147, " ",ShowContinuousLog!E147," $",ShowContinuousLog!F147)) -> 141 N | F69: | | G69: =CONCATENATE(ShowContinuousLog!C147,"-",ShowContinuousLog!D147) -> B3-3
A70: =IF(ShowContinuousLog!E133="N",CONCATENATE(ShowContinuousLog!A133," ",ShowContinuousLog!E133),CONCATENATE(ShowContinuousLog!A133, " ",ShowContinuousLog!E133," $",ShowContinuousLog!F133)) -> 127 N | B70: | | C70: =CONCATENATE(ShowContinuousLog!C133,"-",ShowContinuousLog!D133) -> B18-11 | E70: =IF(ShowContinuousLog!E148="N",CONCATENATE(ShowContinuousLog!A148," ",ShowContinuousLog!E148),CONCATENATE(ShowContinuousLog!A148, " ",ShowContinuousLog!E148," $",ShowContinuousLog!F148)) -> 142 N | F70: | | G70: =CONCATENATE(ShowContinuousLog!C148,"-",ShowContinuousLog!D148) -> A9-2
A71: =IF(ShowContinuousLog!E134="N",CONCATENATE(ShowContinuousLog!A134," ",ShowContinuousLog!E134),CONCATENATE(ShowContinuousLog!A134, " ",ShowContinuousLog!E134," $",ShowContinuousLog!F134)) -> 128 N | B71: | | C71: =CONCATENATE(ShowContinuousLog!C134,"-",ShowContinuousLog!D134) -> C6-5 | E71: =IF(ShowContinuousLog!E149="N",CONCATENATE(ShowContinuousLog!A149," ",ShowContinuousLog!E149),CONCATENATE(ShowContinuousLog!A149, " ",ShowContinuousLog!E149," $",ShowContinuousLog!F149)) -> 143 N | F71: | | G71: =CONCATENATE(ShowContinuousLog!C149,"-",ShowContinuousLog!D149) -> CC4-1
A72: =IF(ShowContinuousLog!E135="N",CONCATENATE(ShowContinuousLog!A135," ",ShowContinuousLog!E135),CONCATENATE(ShowContinuousLog!A135, " ",ShowContinuousLog!E135," $",ShowContinuousLog!F135)) -> 129 N | B72: | | C72: =CONCATENATE(ShowContinuousLog!C135,"-",ShowContinuousLog!D135) -> B7-4 | E72: =IF(ShowContinuousLog!E150="N",CONCATENATE(ShowContinuousLog!A150," ",ShowContinuousLog!E150),CONCATENATE(ShowContinuousLog!A150, " ",ShowContinuousLog!E150," $",ShowContinuousLog!F150)) -> 144 N | F72: | | G72: =CONCATENATE(ShowContinuousLog!C150,"-",ShowContinuousLog!D150) -> CC7-1
A73: =IF(ShowContinuousLog!E136="N",CONCATENATE(ShowContinuousLog!A136," ",ShowContinuousLog!E136),CONCATENATE(ShowContinuousLog!A136, " ",ShowContinuousLog!E136," $",ShowContinuousLog!F136)) -> 130 N | B73: | | C73: =CONCATENATE(ShowContinuousLog!C136,"-",ShowContinuousLog!D136) -> B7-6 | E73: =IF(ShowContinuousLog!E151="N",CONCATENATE(ShowContinuousLog!A151," ",ShowContinuousLog!E151),CONCATENATE(ShowContinuousLog!A151, " ",ShowContinuousLog!E151," $",ShowContinuousLog!F151)) -> 145 N | F73: | | G73: =CONCATENATE(ShowContinuousLog!C151,"-",ShowContinuousLog!D151) -> CC4-2
A74: =IF(ShowContinuousLog!E137="N",CONCATENATE(ShowContinuousLog!A137," ",ShowContinuousLog!E137),CONCATENATE(ShowContinuousLog!A137, " ",ShowContinuousLog!E137," $",ShowContinuousLog!F137)) -> 131 N | B74: | | C74: =CONCATENATE(ShowContinuousLog!C137,"-",ShowContinuousLog!D137) -> C1-2 | E74: =IF(ShowContinuousLog!E152="N",CONCATENATE(ShowContinuousLog!A152," ",ShowContinuousLog!E152),CONCATENATE(ShowContinuousLog!A152, " ",ShowContinuousLog!E152," $",ShowContinuousLog!F152)) -> 146 N | F74: | | G74: =CONCATENATE(ShowContinuousLog!C152,"-",ShowContinuousLog!D152) -> CC5-2
A75: =IF(ShowContinuousLog!E138="N",CONCATENATE(ShowContinuousLog!A138," ",ShowContinuousLog!E138),CONCATENATE(ShowContinuousLog!A138, " ",ShowContinuousLog!E138," $",ShowContinuousLog!F138)) -> 132 N | B75: | | C75: =CONCATENATE(ShowContinuousLog!C138,"-",ShowContinuousLog!D138) -> C6-3 | E75: =IF(ShowContinuousLog!E153="N",CONCATENATE(ShowContinuousLog!A153," ",ShowContinuousLog!E153),CONCATENATE(ShowContinuousLog!A153, " ",ShowContinuousLog!E153," $",ShowContinuousLog!F153)) -> 147 N | F75: | | G75: =CONCATENATE(ShowContinuousLog!C153,"-",ShowContinuousLog!D153) -> B7-1
... A78: =IF(ShowContinuousLog!E141="N",CONCATENATE(ShowContinuousLog!A141," ",ShowContinuousLog!E141),CONCATENATE(ShowContinuousLog!A141, " ",ShowContinuousLog!E141," $",ShowContinuousLog!F141)) -> 135 N | B78: | | C78: =CONCATENATE(ShowContinuousLog!C141,"-",ShowContinuousLog!D141) -> C9-2 | E78: =IF(ShowContinuousLog!E156="N",CONCATENATE(ShowContinuousLog!A156," ",ShowContinuousLog!E156),CONCATENATE(ShowContinuousLog!A156, " ",ShowContinuousLog!E156," $",ShowContinuousLog!F156)) -> 150 N | F78: | | G78: =CONCATENATE(ShowContinuousLog!C156,"-",ShowContinuousLog!D156) -> B1-13
A79: =IF(ShowContinuousLog!E157="N",CONCATENATE(ShowContinuousLog!A157," ",ShowContinuousLog!E157),CONCATENATE(ShowContinuousLog!A157, " ",ShowContinuousLog!E157," $",ShowContinuousLog!F157)) -> 151 N | B79: | | C79: =CONCATENATE(ShowContinuousLog!C157,"-",ShowContinuousLog!D157) -> B5-1 | E79: =IF(ShowContinuousLog!E172="N",CONCATENATE(ShowContinuousLog!A172," ",ShowContinuousLog!E172),CONCATENATE(ShowContinuousLog!A172, " ",ShowContinuousLog!E172," $",ShowContinuousLog!F172)) -> 166 N | F79: | | G79: =CONCATENATE(ShowContinuousLog!C172,"-",ShowContinuousLog!D172) -> B9-4
A80: =IF(ShowContinuousLog!E158="N",CONCATENATE(ShowContinuousLog!A158," ",ShowContinuousLog!E158),CONCATENATE(ShowContinuousLog!A158, " ",ShowContinuousLog!E158," $",ShowContinuousLog!F158)) -> 152 N | B80: | | C80: =CONCATENATE(ShowContinuousLog!C158,"-",ShowContinuousLog!D158) -> B7-5 | E80: =IF(ShowContinuousLog!E173="N",CONCATENATE(ShowContinuousLog!A173," ",ShowContinuousLog!E173),CONCATENATE(ShowContinuousLog!A173, " ",ShowContinuousLog!E173," $",ShowContinuousLog!F173)) -> 167 N | F80: | | G80: =CONCATENATE(ShowContinuousLog!C173,"-",ShowContinuousLog!D173) -> B9-6
A81: =IF(ShowContinuousLog!E159="N",CONCATENATE(ShowContinuousLog!A159," ",ShowContinuousLog!E159),CONCATENATE(ShowContinuousLog!A159, " ",ShowContinuousLog!E159," $",ShowContinuousLog!F159)) -> 153 N | B81: | | C81: =CONCATENATE(ShowContinuousLog!C159,"-",ShowContinuousLog!D159) -> B9-3 | E81: =IF(ShowContinuousLog!E174="N",CONCATENATE(ShowContinuousLog!A174," ",ShowContinuousLog!E174),CONCATENATE(ShowContinuousLog!A174, " ",ShowContinuousLog!E174," $",ShowContinuousLog!F174)) -> 168 N | F81: | | G81: =CONCATENATE(ShowContinuousLog!C174,"-",ShowContinuousLog!D174) -> JB3-2
A82: =IF(ShowContinuousLog!E160="N",CONCATENATE(ShowContinuousLog!A160," ",ShowContinuousLog!E160),CONCATENATE(ShowContinuousLog!A160, " ",ShowContinuousLog!E160," $",ShowContinuousLog!F160)) -> 154 N | B82: | | C82: =CONCATENATE(ShowContinuousLog!C160,"-",ShowContinuousLog!D160) -> B3-10 | E82: =IF(ShowContinuousLog!E175="N",CONCATENATE(ShowContinuousLog!A175," ",ShowContinuousLog!E175),CONCATENATE(ShowContinuousLog!A175, " ",ShowContinuousLog!E175," $",ShowContinuousLog!F175)) -> 169 N | F82: | | G82: =CONCATENATE(ShowContinuousLog!C175,"-",ShowContinuousLog!D175) -> JB3-3
A83: =IF(ShowContinuousLog!E161="N",CONCATENATE(ShowContinuousLog!A161," ",ShowContinuousLog!E161),CONCATENATE(ShowContinuousLog!A161, " ",ShowContinuousLog!E161," $",ShowContinuousLog!F161)) -> 155 N | B83: | | C83: =CONCATENATE(ShowContinuousLog!C161,"-",ShowContinuousLog!D161) -> B4-5 | E83: =IF(ShowContinuousLog!E176="N",CONCATENATE(ShowContinuousLog!A176," ",ShowContinuousLog!E176),CONCATENATE(ShowContinuousLog!A176, " ",ShowContinuousLog!E176," $",ShowContinuousLog!F176)) -> $ | F83: | | G83: =CONCATENATE(ShowContinuousLog!C176,"-",ShowContinuousLog!D176) -> -
A84: =IF(ShowContinuousLog!E162="N",CONCATENATE(ShowContinuousLog!A162," ",ShowContinuousLog!E162),CONCATENATE(ShowContinuousLog!A162, " ",ShowContinuousLog!E162," $",ShowContinuousLog!F162)) -> 156 N | B84: | | C84: =CONCATENATE(ShowContinuousLog!C162,"-",ShowContinuousLog!D162) -> B15-2 | E84: =IF(ShowContinuousLog!E177="N",CONCATENATE(ShowContinuousLog!A177," ",ShowContinuousLog!E177),CONCATENATE(ShowContinuousLog!A177, " ",ShowContinuousLog!E177," $",ShowContinuousLog!F177)) -> $ | F84: | | G84: =CONCATENATE(ShowContinuousLog!C177,"-",ShowContinuousLog!D177) -> -
A85: =IF(ShowContinuousLog!E163="N",CONCATENATE(ShowContinuousLog!A163," ",ShowContinuousLog!E163),CONCATENATE(ShowContinuousLog!A163, " ",ShowContinuousLog!E163," $",ShowContinuousLog!F163)) -> 157 N | B85: | | C85: =CONCATENATE(ShowContinuousLog!C163,"-",ShowContinuousLog!D163) -> B19-1 | E85: =IF(ShowContinuousLog!E178="N",CONCATENATE(ShowContinuousLog!A178," ",ShowContinuousLog!E178),CONCATENATE(ShowContinuousLog!A178, " ",ShowContinuousLog!E178," $",ShowContinuousLog!F178)) -> $ | F85: | | G85: =CONCATENATE(ShowContinuousLog!C178,"-",ShowContinuousLog!D178) -> -
A86: =IF(ShowContinuousLog!E164="N",CONCATENATE(ShowContinuousLog!A164," ",ShowContinuousLog!E164),CONCATENATE(ShowContinuousLog!A164, " ",ShowContinuousLog!E164," $",ShowContinuousLog!F164)) -> 158 N | B86: | | C86: =CONCATENATE(ShowContinuousLog!C164,"-",ShowContinuousLog!D164) -> C5-5 | E86: =IF(ShowContinuousLog!E179="N",CONCATENATE(ShowContinuousLog!A179," ",ShowContinuousLog!E179),CONCATENATE(ShowContinuousLog!A179, " ",ShowContinuousLog!E179," $",ShowContinuousLog!F179)) -> $ | F86: | | G86: =CONCATENATE(ShowContinuousLog!C179,"-",ShowContinuousLog!D179) -> -
A87: =IF(ShowContinuousLog!E165="N",CONCATENATE(ShowContinuousLog!A165," ",ShowContinuousLog!E165),CONCATENATE(ShowContinuousLog!A165, " ",ShowContinuousLog!E165," $",ShowContinuousLog!F165)) -> 159 N | B87: | | C87: =CONCATENATE(ShowContinuousLog!C165,"-",ShowContinuousLog!D165) -> C11-1 | E87: =IF(ShowContinuousLog!E180="N",CONCATENATE(ShowContinuousLog!A180," ",ShowContinuousLog!E180),CONCATENATE(ShowContinuousLog!A180, " ",ShowContinuousLog!E180," $",ShowContinuousLog!F180)) -> $ | F87: | | G87: =CONCATENATE(ShowContinuousLog!C180,"-",ShowContinuousLog!D180) -> -
A88: =IF(ShowContinuousLog!E166="N",CONCATENATE(ShowContinuousLog!A166," ",ShowContinuousLog!E166),CONCATENATE(ShowContinuousLog!A166, " ",ShowContinuousLog!E166," $",ShowContinuousLog!F166)) -> 160 N | B88: | | C88: =CONCATENATE(ShowContinuousLog!C166,"-",ShowContinuousLog!D166) -> E2-1A | E88: =IF(ShowContinuousLog!E181="N",CONCATENATE(ShowContinuousLog!A181," ",ShowContinuousLog!E181),CONCATENATE(ShowContinuousLog!A181, " ",ShowContinuousLog!E181," $",ShowContinuousLog!F181)) -> $ | F88: | | G88: =CONCATENATE(ShowContinuousLog!C181,"-",ShowContinuousLog!D181) -> -
A89: =IF(ShowContinuousLog!E167="N",CONCATENATE(ShowContinuousLog!A167," ",ShowContinuousLog!E167),CONCATENATE(ShowContinuousLog!A167, " ",ShowContinuousLog!E167," $",ShowContinuousLog!F167)) -> 161 N | B89: | | C89: =CONCATENATE(ShowContinuousLog!C167,"-",ShowContinuousLog!D167) -> E2-1B | E89: =IF(ShowContinuousLog!E182="N",CONCATENATE(ShowContinuousLog!A182," ",ShowContinuousLog!E182),CONCATENATE(ShowContinuousLog!A182, " ",ShowContinuousLog!E182," $",ShowContinuousLog!F182)) -> $ | F89: | | G89: =CONCATENATE(ShowContinuousLog!C182,"-",ShowContinuousLog!D182) -> -
A90: =IF(ShowContinuousLog!E168="N",CONCATENATE(ShowContinuousLog!A168," ",ShowContinuousLog!E168),CONCATENATE(ShowContinuousLog!A168, " ",ShowContinuousLog!E168," $",ShowContinuousLog!F168)) -> 162 N | B90: | | C90: =CONCATENATE(ShowContinuousLog!C168,"-",ShowContinuousLog!D168) -> B2-3 | E90: =IF(ShowContinuousLog!E183="N",CONCATENATE(ShowContinuousLog!A183," ",ShowContinuousLog!E183),CONCATENATE(ShowContinuousLog!A183, " ",ShowContinuousLog!E183," $",ShowContinuousLog!F183)) -> $ | F90: | | G90: =CONCATENATE(ShowContinuousLog!C183,"-",ShowContinuousLog!D183) -> -
... A93: =IF(ShowContinuousLog!E171="N",CONCATENATE(ShowContinuousLog!A171," ",ShowContinuousLog!E171),CONCATENATE(ShowContinuousLog!A171, " ",ShowContinuousLog!E171," $",ShowContinuousLog!F171)) -> 165 N | B93: | | C93: =CONCATENATE(ShowContinuousLog!C171,"-",ShowContinuousLog!D171) -> B10-5 | E93: =IF(ShowContinuousLog!E186="N",CONCATENATE(ShowContinuousLog!A186," ",ShowContinuousLog!E186),CONCATENATE(ShowContinuousLog!A186, " ",ShowContinuousLog!E186," $",ShowContinuousLog!F186)) -> $ | F93: | | G93: =CONCATENATE(ShowContinuousLog!C186,"-",ShowContinuousLog!D186) -> -
A94: =IF(ShowContinuousLog!E187="N",CONCATENATE(ShowContinuousLog!A187," ",ShowContinuousLog!E187),CONCATENATE(ShowContinuousLog!A187, " ",ShowContinuousLog!E187," $",ShowContinuousLog!F187)) -> $ | B94: | | C94: =CONCATENATE(ShowContinuousLog!C187,"-",ShowContinuousLog!D187) -> - | E94: =IF(ShowContinuousLog!E202="N",CONCATENATE(ShowContinuousLog!A202," ",ShowContinuousLog!E202),CONCATENATE(ShowContinuousLog!A202, " ",ShowContinuousLog!E202," $",ShowContinuousLog!F202)) -> $ | F94: | | G94: =CONCATENATE(ShowContinuousLog!C202,"-",ShowContinuousLog!D202) -> -
A95: =IF(ShowContinuousLog!E188="N",CONCATENATE(ShowContinuousLog!A188," ",ShowContinuousLog!E188),CONCATENATE(ShowContinuousLog!A188, " ",ShowContinuousLog!E188," $",ShowContinuousLog!F188)) -> $ | B95: | | C95: =CONCATENATE(ShowContinuousLog!C188,"-",ShowContinuousLog!D188) -> - | E95: =IF(ShowContinuousLog!E203="N",CONCATENATE(ShowContinuousLog!A203," ",ShowContinuousLog!E203),CONCATENATE(ShowContinuousLog!A203, " ",ShowContinuousLog!E203," $",ShowContinuousLog!F203)) -> $ | F95: | | G95: =CONCATENATE(ShowContinuousLog!C203,"-",ShowContinuousLog!D203) -> -
A96: =IF(ShowContinuousLog!E189="N",CONCATENATE(ShowContinuousLog!A189," ",ShowContinuousLog!E189),CONCATENATE(ShowContinuousLog!A189, " ",ShowContinuousLog!E189," $",ShowContinuousLog!F189)) -> $ | B96: | | C96: =CONCATENATE(ShowContinuousLog!C189,"-",ShowContinuousLog!D189) -> - | E96: =IF(ShowContinuousLog!E204="N",CONCATENATE(ShowContinuousLog!A204," ",ShowContinuousLog!E204),CONCATENATE(ShowContinuousLog!A204, " ",ShowContinuousLog!E204," $",ShowContinuousLog!F204)) -> $ | F96: | | G96: =CONCATENATE(ShowContinuousLog!C204,"-",ShowContinuousLog!D204) -> -
A97: =IF(ShowContinuousLog!E190="N",CONCATENATE(ShowContinuousLog!A190," ",ShowContinuousLog!E190),CONCATENATE(ShowContinuousLog!A190, " ",ShowContinuousLog!E190," $",ShowContinuousLog!F190)) -> $ | B97: | | C97: =CONCATENATE(ShowContinuousLog!C190,"-",ShowContinuousLog!D190) -> - | E97: =IF(ShowContinuousLog!E205="N",CONCATENATE(ShowContinuousLog!A205," ",ShowContinuousLog!E205),CONCATENATE(ShowContinuousLog!A205, " ",ShowContinuousLog!E205," $",ShowContinuousLog!F205)) -> $ | F97: | | G97: =CONCATENATE(ShowContinuousLog!C205,"-",ShowContinuousLog!D205) -> -
A98: =IF(ShowContinuousLog!E191="N",CONCATENATE(ShowContinuousLog!A191," ",ShowContinuousLog!E191),CONCATENATE(ShowContinuousLog!A191, " ",ShowContinuousLog!E191," $",ShowContinuousLog!F191)) -> $ | B98: | | C98: =CONCATENATE(ShowContinuousLog!C191,"-",ShowContinuousLog!D191) -> - | E98: =IF(ShowContinuousLog!E206="N",CONCATENATE(ShowContinuousLog!A206," ",ShowContinuousLog!E206),CONCATENATE(ShowContinuousLog!A206, " ",ShowContinuousLog!E206," $",ShowContinuousLog!F206)) -> $ | F98: | | G98: =CONCATENATE(ShowContinuousLog!C206,"-",ShowContinuousLog!D206) -> -
A99: =IF(ShowContinuousLog!E192="N",CONCATENATE(ShowContinuousLog!A192," ",ShowContinuousLog!E192),CONCATENATE(ShowContinuousLog!A192, " ",ShowContinuousLog!E192," $",ShowContinuousLog!F192)) -> $ | B99: | | C99: =CONCATENATE(ShowContinuousLog!C192,"-",ShowContinuousLog!D192) -> - | E99: =IF(ShowContinuousLog!E207="N",CONCATENATE(ShowContinuousLog!A207," ",ShowContinuousLog!E207),CONCATENATE(ShowContinuousLog!A207, " ",ShowContinuousLog!E207," $",ShowContinuousLog!F207)) -> $ | F99: | | G99: =CONCATENATE(ShowContinuousLog!C207,"-",ShowContinuousLog!D207) -> -
A100: =IF(ShowContinuousLog!E193="N",CONCATENATE(ShowContinuousLog!A193," ",ShowContinuousLog!E193),CONCATENATE(ShowContinuousLog!A193, " ",ShowContinuousLog!E193," $",ShowContinuousLog!F193)) -> $ | B100: | | C100: =CONCATENATE(ShowContinuousLog!C193,"-",ShowContinuousLog!D193) -> - | E100: =IF(ShowContinuousLog!E208="N",CONCATENATE(ShowContinuousLog!A208," ",ShowContinuousLog!E208),CONCATENATE(ShowContinuousLog!A208, " ",ShowContinuousLog!E208," $",ShowContinuousLog!F208)) -> $ | F100: | | G100: =CONCATENATE(ShowContinuousLog!C208,"-",ShowContinuousLog!D208) -> -
A101: =IF(ShowContinuousLog!E194="N",CONCATENATE(ShowContinuousLog!A194," ",ShowContinuousLog!E194),CONCATENATE(ShowContinuousLog!A194, " ",ShowContinuousLog!E194," $",ShowContinuousLog!F194)) -> $ | B101: | | C101: =CONCATENATE(ShowContinuousLog!C194,"-",ShowContinuousLog!D194) -> - | E101: =IF(ShowContinuousLog!E209="N",CONCATENATE(ShowContinuousLog!A209," ",ShowContinuousLog!E209),CONCATENATE(ShowContinuousLog!A209, " ",ShowContinuousLog!E209," $",ShowContinuousLog!F209)) -> $ | F101: | | G101: =CONCATENATE(ShowContinuousLog!C209,"-",ShowContinuousLog!D209) -> -
A102: =IF(ShowContinuousLog!E195="N",CONCATENATE(ShowContinuousLog!A195," ",ShowContinuousLog!E195),CONCATENATE(ShowContinuousLog!A195, " ",ShowContinuousLog!E195," $",ShowContinuousLog!F195)) -> $ | B102: | | C102: =CONCATENATE(ShowContinuousLog!C195,"-",ShowContinuousLog!D195) -> - | E102: =IF(ShowContinuousLog!E210="N",CONCATENATE(ShowContinuousLog!A210," ",ShowContinuousLog!E210),CONCATENATE(ShowContinuousLog!A210, " ",ShowContinuousLog!E210," $",ShowContinuousLog!F210)) -> $ | F102: | | G102: =CONCATENATE(ShowContinuousLog!C210,"-",ShowContinuousLog!D210) -> -
A103: =IF(ShowContinuousLog!E196="N",CONCATENATE(ShowContinuousLog!A196," ",ShowContinuousLog!E196),CONCATENATE(ShowContinuousLog!A196, " ",ShowContinuousLog!E196," $",ShowContinuousLog!F196)) -> $ | B103: | | C103: =CONCATENATE(ShowContinuousLog!C196,"-",ShowContinuousLog!D196) -> - | E103: =IF(ShowContinuousLog!E211="N",CONCATENATE(ShowContinuousLog!A211," ",ShowContinuousLog!E211),CONCATENATE(ShowContinuousLog!A211, " ",ShowContinuousLog!E211," $",ShowContinuousLog!F211)) -> $ | F103: | | G103: =CONCATENATE(ShowContinuousLog!C211,"-",ShowContinuousLog!D211) -> -
A104: =IF(ShowContinuousLog!E197="N",CONCATENATE(ShowContinuousLog!A197," ",ShowContinuousLog!E197),CONCATENATE(ShowContinuousLog!A197, " ",ShowContinuousLog!E197," $",ShowContinuousLog!F197)) -> $ | B104: | | C104: =CONCATENATE(ShowContinuousLog!C197,"-",ShowContinuousLog!D197) -> - | E104: =IF(ShowContinuousLog!E212="N",CONCATENATE(ShowContinuousLog!A212," ",ShowContinuousLog!E212),CONCATENATE(ShowContinuousLog!A212, " ",ShowContinuousLog!E212," $",ShowContinuousLog!F212)) -> $ | F104: | | G104: =CONCATENATE(ShowContinuousLog!C212,"-",ShowContinuousLog!D212) -> -
A105: =IF(ShowContinuousLog!E198="N",CONCATENATE(ShowContinuousLog!A198," ",ShowContinuousLog!E198),CONCATENATE(ShowContinuousLog!A198, " ",ShowContinuousLog!E198," $",ShowContinuousLog!F198)) -> $ | B105: | | C105: =CONCATENATE(ShowContinuousLog!C198,"-",ShowContinuousLog!D198) -> - | E105: =IF(ShowContinuousLog!E213="N",CONCATENATE(ShowContinuousLog!A213," ",ShowContinuousLog!E213),CONCATENATE(ShowContinuousLog!A213, " ",ShowContinuousLog!E213," $",ShowContinuousLog!F213)) -> $ | F105: | | G105: =CONCATENATE(ShowContinuousLog!C213,"-",ShowContinuousLog!D213) -> -
... A108: =IF(ShowContinuousLog!E201="N",CONCATENATE(ShowContinuousLog!A201," ",ShowContinuousLog!E201),CONCATENATE(ShowContinuousLog!A201, " ",ShowContinuousLog!E201," $",ShowContinuousLog!F201)) -> $ | B108: | | C108: =CONCATENATE(ShowContinuousLog!C201,"-",ShowContinuousLog!D201) -> - | E108: =IF(ShowContinuousLog!E216="N",CONCATENATE(ShowContinuousLog!A216," ",ShowContinuousLog!E216),CONCATENATE(ShowContinuousLog!A216, " ",ShowContinuousLog!E216," $",ShowContinuousLog!F216)) -> $ | F108: | | G108: =CONCATENATE(ShowContinuousLog!C216,"-",ShowContinuousLog!D216) -> -
A109: =IF(ShowContinuousLog!E217="N",CONCATENATE(ShowContinuousLog!A217," ",ShowContinuousLog!E217),CONCATENATE(ShowContinuousLog!A217, " ",ShowContinuousLog!E217," $",ShowContinuousLog!F217)) -> $ | B109: | | C109: =CONCATENATE(ShowContinuousLog!C217,"-",ShowContinuousLog!D217) -> - | E109: =IF(ShowContinuousLog!E232="N",CONCATENATE(ShowContinuousLog!A232," ",ShowContinuousLog!E232),CONCATENATE(ShowContinuousLog!A232, " ",ShowContinuousLog!E232," $",ShowContinuousLog!F232)) -> $ | F109: | | G109: =CONCATENATE(ShowContinuousLog!C232,"-",ShowContinuousLog!D232) -> -
A110: =IF(ShowContinuousLog!E218="N",CONCATENATE(ShowContinuousLog!A218," ",ShowContinuousLog!E218),CONCATENATE(ShowContinuousLog!A218, " ",ShowContinuousLog!E218," $",ShowContinuousLog!F218)) -> $ | B110: | | C110: =CONCATENATE(ShowContinuousLog!C218,"-",ShowContinuousLog!D218) -> - | E110: =IF(ShowContinuousLog!E233="N",CONCATENATE(ShowContinuousLog!A233," ",ShowContinuousLog!E233),CONCATENATE(ShowContinuousLog!A233, " ",ShowContinuousLog!E233," $",ShowContinuousLog!F233)) -> $ | F110: | | G110: =CONCATENATE(ShowContinuousLog!C233,"-",ShowContinuousLog!D233) -> -
A111: =IF(ShowContinuousLog!E219="N",CONCATENATE(ShowContinuousLog!A219," ",ShowContinuousLog!E219),CONCATENATE(ShowContinuousLog!A219, " ",ShowContinuousLog!E219," $",ShowContinuousLog!F219)) -> $ | B111: | | C111: =CONCATENATE(ShowContinuousLog!C219,"-",ShowContinuousLog!D219) -> - | E111: =IF(ShowContinuousLog!E234="N",CONCATENATE(ShowContinuousLog!A234," ",ShowContinuousLog!E234),CONCATENATE(ShowContinuousLog!A234, " ",ShowContinuousLog!E234," $",ShowContinuousLog!F234)) -> $ | F111: | | G111: =CONCATENATE(ShowContinuousLog!C234,"-",ShowContinuousLog!D234) -> -
A112: =IF(ShowContinuousLog!E220="N",CONCATENATE(ShowContinuousLog!A220," ",ShowContinuousLog!E220),CONCATENATE(ShowContinuousLog!A220, " ",ShowContinuousLog!E220," $",ShowContinuousLog!F220)) -> $ | B112: | | C112: =CONCATENATE(ShowContinuousLog!C220,"-",ShowContinuousLog!D220) -> - | E112: =IF(ShowContinuousLog!E235="N",CONCATENATE(ShowContinuousLog!A235," ",ShowContinuousLog!E235),CONCATENATE(ShowContinuousLog!A235, " ",ShowContinuousLog!E235," $",ShowContinuousLog!F235)) -> $ | F112: | | G112: =CONCATENATE(ShowContinuousLog!C235,"-",ShowContinuousLog!D235) -> -
A113: =IF(ShowContinuousLog!E221="N",CONCATENATE(ShowContinuousLog!A221," ",ShowContinuousLog!E221),CONCATENATE(ShowContinuousLog!A221, " ",ShowContinuousLog!E221," $",ShowContinuousLog!F221)) -> $ | B113: | | C113: =CONCATENATE(ShowContinuousLog!C221,"-",ShowContinuousLog!D221) -> - | E113: =IF(ShowContinuousLog!E236="N",CONCATENATE(ShowContinuousLog!A236," ",ShowContinuousLog!E236),CONCATENATE(ShowContinuousLog!A236, " ",ShowContinuousLog!E236," $",ShowContinuousLog!F236)) -> $ | F113: | | G113: =CONCATENATE(ShowContinuousLog!C236,"-",ShowContinuousLog!D236) -> -
A114: =IF(ShowContinuousLog!E222="N",CONCATENATE(ShowContinuousLog!A222," ",ShowContinuousLog!E222),CONCATENATE(ShowContinuousLog!A222, " ",ShowContinuousLog!E222," $",ShowContinuousLog!F222)) -> $ | B114: | | C114: =CONCATENATE(ShowContinuousLog!C222,"-",ShowContinuousLog!D222) -> - | E114: =IF(ShowContinuousLog!E237="N",CONCATENATE(ShowContinuousLog!A237," ",ShowContinuousLog!E237),CONCATENATE(ShowContinuousLog!A237, " ",ShowContinuousLog!E237," $",ShowContinuousLog!F237)) -> $ | F114: | | G114: =CONCATENATE(ShowContinuousLog!C237,"-",ShowContinuousLog!D237) -> -
...

Sheet Auction Bidder Sign Up
A1: =ShowContinuousLog!A1 -> "Betta Expo Internacional Primavera" "abril 2022"
A2: Auction Bidders
A3: No | B3: Name | C3: email | D3: Phone | E3: Address
A4: 1
A5: 2
A6: 3
A7: 4
A8: 5
A9: 6
A10: 7
A11: 8
A12: 9
A13: 10
A14: 11
A15: 12
... A43: 40

Sheet Lists
A1: A1 | B1: Y
A2: A2 | B2: N | D2: Fees/Splits
A3: A3 | E3: Single Entries IBC | F3: 2
A4: A4 | B4: 1st | E4: Pair Entries IBC | F4: 3
A5: A5 | B5: 2nd | E5: Single Entries Non-IBC | F5: 4
A6: A6 | B6: 3rd | E6: Pair Entries Non-IBC | F6: 5
A7: A7 | F7: Breeder | G7: Club
A8: A8 | B8: BOS | E8: Breeder Cup Split | F8: 0.5 | G8: =1-F8 -> 0.5
A9: A9 | B9: RBOS | E9: Show Entry Auction Split | F9: 0.75 | G9: =1-F9 -> 0.25
A10: A10 | B10: NB BOS | E10: Auction Only Split | F10: 0.5 | G10: =1-F10 -> 0.5
A11: A11 | B11: NB RBOS | E11: Cash Table Split | F11: 0.5 | G11: =1-F11 -> 0.5
A12: A12 | B12: CC BOS
A13: A13 | B13: CC RBOS
A14: A14 | B14: A BOV
A15: A15 | B15: A RBOV
A16: A16 | B16: B BOV
A17: A17 | B17: B RBOV
A18: A18 | B18: C BOV
A19: A19 | B19: C RBOV
A20: A20
A21: B1 | B21: AO
A22: B2
A23: B3 | B23: Cash
A24: B4 | B24: Check
A25: B5 | B25: PayPal
A26: B6
A27: B7
A28: B8
A29: B9
A30: C1
A31: C2
A32: C3
A33: C4
A34: C5
A35: C6
A36: C7
A37: C8
... A79: AC4
